 Dungeon Crawl Stone Soup version 0.31-a0-848-gaac375c (webtiles) character file.

Game seed: 17097409503502764063

18551032 tenshi1004 the Rhythm of Life and Death (level 27, 191/191 HPs)
             Began as a Vine Stalker Brigand on Oct 4, 2023.
             Was a Follower of Uskayaw.
             Escaped with the Orb
             ... and 15 runes!
             The game lasted 02:34:17 (83038 turns).

tenshi1004 the Rhythm of Life and Death (VSBr)     Turns: 83038, Time: 02:34:18

Health: 191/191    AC: 16    Str: 17    XL:     27
Magic:  41/41      EV: 31    Int:  8    God:    Uskayaw [*.....]
Gold:   12028      SH: 38    Dex: 34    Spells: 26/26 levels left

rFire   + + .        j - +10 quick blade of Anohic {flame, Fly rElec}
rCold   + + .        D - +8 tower shield {rN+}
rNeg    + + +        L - +5 robe of Night {Dark Will+ SInv}
rPois   ∞            l - +2 helmet of Rupekkio {+Inv rF+}
rElec   +            t - scarf {shadows}
rCorr   +            E - +0 pair of gloves "Osimihejes" {Dex+7}
SInv    +            v - +1 pair of boots "Earthly Heaven" {Slay+5}
Will    +++++        Z - amulet of Past Mistakes {Faith rF++ rN+ rCorr Int-3}
Stlth   ++           Y - +4 ring of slaying
HPRegen 1.31/turn    C - ring "Wuistin" {Ice rPois Slay+5}
MPRegen 0.27/turn

%: guardian spirit, faith
@: death-form, flying, studying Maces & Flails
A: vile attack, torment immunity, no potions, fangs 3, regeneration 1, magic
shield, antimagic bite, no potion heal 2, hooves 1, see invisible, robust 1
0: Orb of Zot
}: 15/15 runes: decaying, serpentine, slimy, silver, golden, iron, obsidian,
icy, bone, abyssal, demonic, glowing, magical, fiery, dark
a: Siphon Essence, Begin Untransformation, Renounce Religion, Evoke
Invisibility, Stomp


You escaped.
You worshipped Uskayaw.
Uskayaw was exalted by your worship.
You were an undying horror.
You visited 18 branches of the dungeon, and saw 87 of its levels.
You visited Pandemonium 1 time, and saw 18 of its levels.
You visited the Abyss 1 time.
You visited 1 ziggurat, and saw 13 of its levels.
You also visited: Trove and Desolation.

You collected 22363 gold pieces.
You spent 10335 gold pieces at shops.


Innate Abilities, Weirdness & Mutations

You are an undying horror.
Your melee and unarmed attacks drain, slow and weaken victims.
You are immune to unholy pain and torment.
You cannot drink.
You are immune to poison.
You have razor-sharp teeth.
Your natural rate of healing is unusually fast.
When hurt, damage is shared between your health and your magic reserves.
Your bite disrupts and absorbs the magic of your enemies.
Potions cannot restore your health.
You have large cloven feet.
You have supernaturally acute eyesight. (SInv)
You are robust. (+10% HP)


   Skills:
 O Level 27 Fighting
 * Level 26.8 Short Blades
 - Level 18.3 Throwing
 - Level 13.3 Armour
 - Level 15.0 Dodging
 - Level 13.2 Stealth
 O Level 27 Shields
 O Level 27 Invocations
 - Level 16.0 Evocations
 - Level 24.2 Shapeshifting


You had 26 spell levels left.
You didn't know any spells.
Your spell library contained the following spells:

 Spells                   Type           Power      Damage    Failure   Level
 Apportation              Tloc           0%         N/A       41%         1
 Freeze                   Ice            0%         1d3       41%         1
 Kiss of Death            Conj/Necr      0%         2d5       41%         1
 Magic Dart               Conj           0%         1d3       41%         1
 Necrotise                Necr           0%         1d4       41%         1
 Sandblast                Erth           0%         2d4       41%         1
 Shock                    Conj/Air       0%         1d3       41%         1
 Sting                    Tmut/Pois      0%         1d3       41%         1
 Summon Small Mammal      Summ           0%         N/A       41%         1
 Blink                    Tloc           0%         N/A       54%         2
 Call Imp                 Summ           0%         N/A       54%         2
 Cigotuvi's Dreadful Rot  Necr/Pois/Air  0%         N/A       54%         2
 Ensorcelled Hibernation  Hex/Ice        0%         N/A       54%         2
 Jinxbite                 Hex            0%         N/A       54%         2
 Lesser Beckoning         Tloc           0%         N/A       54%         2
 Momentum Strike          Conj/Tloc      0%         3d8       54%         2
 Passwall                 Tmut/Erth      0%         N/A       54%         2
 Poisonous Vapours        Pois/Air       0%         N/A       54%         2
 Scorch                   Fire           0%         2d5       54%         2
 Static Discharge         Conj/Air       0%         2-2/arc   54%         2
 Sublimation of Blood     Necr           0%         N/A       54%         2
 Wereblood                Tmut           0%         N/A       54%         2
 Call Canine Familiar     Summ           0%         N/A       78%         3
 Confusing Touch          Hex            0%         N/A       78%         3
 Dazzling Flash           Conj/Hex       0%         N/A       78%         3
 Frozen Ramparts          Ice            0%         1d1       78%         3
 Gell's Gravitas          Tloc           0%         N/A       78%         3
 Hailstorm                Conj/Ice       0%         3d3       78%         3
 Ignite Poison            Fire/Tmut/Pois 0%         N/A       78%         3
 Inner Flame              Hex/Fire       0%         N/A       78%         3
 Mephitic Cloud           Conj/Pois/Air  0%         N/A       78%         3
 Ozocubu's Armour         Ice            0%         N/A       78%         3
 Stone Arrow              Conj/Erth      0%         3d7       78%         3
 Summon Guardian Golem    Hex/Summ       0%         N/A       78%         3
 Swiftness                Air            0%         N/A       78%         3
 Teleport Other           Tloc           0%         N/A       78%         3
 Vampiric Draining        Necr           0%         2d6       78%         3
 Volatile Blastmotes      Fire/Tloc      0%         2d10      78%         3
 Airstrike                Air            0%         2d(0-16)  99%         4
 Anguish                  Hex/Necr       0%         N/A       99%         4
 Animate Armour           Summ/Erth      0%         N/A       99%         4
 Animate Dead             Necr           0%         N/A       99%         4
 Brom's Barrelling Bould  Conj/Erth      0%         2d3       99%         4
 Cause Fear               Hex            0%         N/A       99%         4
 Dispel Undead            Necr           0%         3d6       99%         4
 Flame Wave               Conj/Fire      0%         2d4       99%         4
 Fulminant Prism          Conj/Hex       0%         3d5       99%         4
 Iskenderun's Mystic Bla  Conj/Tloc      0%         2d3       99%         4
 Leda's Liquefaction      Hex/Erth       0%         N/A       99%         4
 Manifold Assault         Tloc           0%         N/A       99%         4
 Olgreb's Toxic Radiance  Pois           0%         N/A       99%         4
 Passage of Golubria      Tloc           0%         N/A       99%         4
 Petrify                  Tmut/Erth      0%         N/A       99%         4
 Sticky Flame             Conj/Fire      0%         2d3       99%         4
 Summon Ice Beast         Ice/Summ       0%         N/A       99%         4
 Summon Lightning Spire   Summ/Air       0%         N/A       99%         4
 Vhi's Electric Charge    Tloc/Air       0%         N/A       99%         4
 Agony                    Necr           0%         N/A       100%        5
 Alistair's Intoxication  Tmut/Pois      0%         N/A       100%        5
 Arcjolt                  Conj/Air       0%         1d10      100%        5
 Borgnjor's Vile Clutch   Necr/Erth      0%         N/A       100%        5
 Fireball                 Conj/Fire      0%         3d3       100%        5
 Freezing Cloud           Conj/Ice/Air   0%         6-21      100%        5
 Irradiate                Conj/Tmut      0%         3d11      100%        5
 Iskenderun's Battlesphe  Conj           0%         2d6       100%        5
 Lee's Rapid Deconstruct  Erth           0%         3d4*      100%        5
 Metabolic Englaciation   Hex/Ice        0%         N/A       100%        5
 Silence                  Hex/Air        0%         N/A       100%        5
 Summon Forest            Summ/Tloc      0%         N/A       100%        5
 Summon Mana Viper        Hex/Summ       0%         N/A       100%        5
 Yara's Violent Unravell  Hex/Tmut       0%         3d3       100%        5
 Bombard                  Conj/Erth      0%         9d1       100%        6
 Conjure Ball Lightning   Conj/Air       0%         3x3d6     100%        6
 Dispersal                Tloc           0%         N/A       100%        6
 Eringya's Noxious Bog    Tmut/Pois      0%         4d6       100%        6
 Plasma Beam              Fire/Air       0%         2x1d10    100%        6
 Starburst                Conj/Fire      0%         6d3       100%        6
 Summon Cactus Giant      Summ           0%         N/A       100%        6
 Enfeeble                 Hex            0%         N/A       100%        7
 Haunt                    Necr/Summ      0%         N/A       100%        7
 Malign Gateway           Summ/Tloc      0%         N/A       100%        7
 Monstrous Menagerie      Summ           0%         N/A       100%        7
 Orb of Destruction       Conj           0%         9d5       100%        7
 Ozocubu's Refrigeration  Ice            0%         4d7       100%        7
 Spellforged Servitor     Conj/Summ      0%         N/A       100%        7
 Summon Hydra             Summ           0%         N/A       100%        7
 Borgnjor's Revivificati  Necr           0%         N/A       100%        8
 Discord                  Hex            0%         N/A       100%        8
 Disjunction              Tloc           0%         N/A       100%        8
 Ignition                 Fire           0%         3d3       100%        8
 Infestation              Necr           0%         N/A       100%        8
 Lehudib's Crystal Spear  Conj/Erth      0%         10d2      100%        8
 Maxwell's Capacitive Co  Air            0%         ∞         100%        8
 Chain Lightning          Conj/Air       0%         N/A       100%        9
 Death's Door             Necr           0%         N/A       100%        9
 Dragon's Call            Summ           0%         N/A       100%        9
 Fire Storm               Conj/Fire      0%         5d1       100%        9
 Shatter                  Erth           0%         3d5*      100%        9

Inventory:

Hand Weapons
 j - the +10 quick blade of Anohic (weapon) {flame, Fly rElec}
   (Okawaru gifted it to you on level 4 of the Lair of Beasts)

   rElec:     It insulates you from electricity.
   Fly:       It grants you flight.
 J - a +9 quick blade of flaming
Missiles
 e - 25 curare-tipped darts {=f}
 h - 9 darts of dispersal {=f}
 m - 55 boomerangs (quivered)
 q - 23 atropa-tipped darts
 s - 42 silver javelins
 U - 5 javelins
 X - 4 throwing nets {=f}
Armour
 l - the +2 helmet of Rupekkio (worn) {+Inv rF+}
   (You bought it in a shop on level 14 of the Dungeon)

   rF+:       It protects you from fire.
   +Inv:      It lets you turn invisible.
 t - a scarf of shadows (worn)
 v - the +1 pair of boots "Earthly Heaven" (worn) {Slay+5}
   (Okawaru gifted it to you on level 5 of the Lair of Beasts)

   Slay+5:    It affects your accuracy & damage with ranged weapons and melee
   (+5).
 D - a +8 tower shield of positive energy (worn)
 E - the +0 pair of gloves "Osimihejes" (worn) {Dex+7}
   (You found it in a treasure trove)

   Dex+7:     It affects your dexterity (+7).
 L - the +5 robe of Night (worn) {Dark Will+ SInv}
   (You bought it in a shop on level 3 of the Depths)

   Dark:      It shrouds the wearer in darkness, reducing the range at which
   they can see and be seen by others.
   Will+:     It increases your willpower.
   SInv:      It lets you see invisible.
 S - the +10 tower shield of Ignorance {rN+ Int-4}
   (You found it on level 12 of a ziggurat)

   Int-4:     It affects your intelligence (-4).
   rN+:       It protects you from negative energy.
 W - a scarf of resistance
Jewellery
 c - a ring of protection from cold
 A - the ring of Diemam {rN+ Will+ Dex-5 SInv Stlth+}
   (You found it on level 3 of the Snake Pit)

   [ring of willpower]

   Dex-5:     It affects your dexterity (-5).
   rN+:       It protects you from negative energy.
   Will+:     It increases your willpower.
   SInv:      It lets you see invisible.
   Stlth+:    It makes you more stealthy.
 C - the ring "Wuistin" (right hand) {Ice rPois Slay+5}
   (You found it on level 7 of a ziggurat)

   [ring of ice]

   Ice:       It enhances your ice magic.
   Slay+5:    It affects your accuracy & damage with ranged weapons and melee
   (+5).
   rF-:       It makes you vulnerable to fire.
   rC+:       It protects you from cold.
   rPois:     It protects you from poison
 R - the ring of Heattec {rC+ Dex+3 SInv}
   (You took it off a vault sentinel on level 5 of the Vaults)

   [ring of protection from cold]

   Dex+3:     It affects your dexterity (+3).
   rC+:       It protects you from cold.
   SInv:      It lets you see invisible.
 Y - a +4 ring of slaying (left hand)
 Z - the amulet of Past Mistakes (around neck) {Faith rF++ rN+ rCorr Int-3}
   (You found it on level 1 of the Realm of Zot)

   [amulet of faith]

   Faith:     It allows you to gain divine favour quickly.
   Int-3:     It affects your intelligence (-3).
   rF++:      It greatly protects you from fire.
   rN+:       It protects you from negative energy.
   rCorr:     It protects you from acid and corrosion.
Talismans
 i - a talisman of death (active)
Wands
 u - a wand of iceblast (95)
 w - a wand of acid (87)
 M - a wand of digging (53)
Scrolls
 b - 10 scrolls of immolation
 d - 13 scrolls of revelation
 f - 20 scrolls of teleportation {@r2}
 o - 24 scrolls of fog
 y - 10 scrolls of blinking
 z - 12 scrolls of silence {!r}
 B - 9 scrolls of enchant armour
 I - 19 scrolls of vulnerability
 N - 4 scrolls of summoning
 O - 5 scrolls of fear
Potions
 a - 9 potions of cancellation
 g - 11 potions of haste {@q3}
 k - 5 potions of invisibility
 n - 15 potions of lignification
 p - 11 potions of might
 r - 5 potions of magic
 x - 15 potions of brilliance
 F - 7 potions of enlightenment
 G - 5 potions of attraction
 H - 34 potions of curing {@q1}
 Q - 12 potions of mutation
 T - 5 potions of resistance
 V - 8 potions of berserk rage {!q}
Miscellaneous
 K - the horn of Geryon
 P - a figurine of a ziggurat

Dungeon Overview and Level Annotations

Branches:
Dungeon (15/15)            Temple (1/1) D:6            Lair (5/5) D:8
  Swamp (4/4) Lair:3        Snake (4/4) Lair:2        Slime (5/5) Lair:5
    Orc (2/2) D:12            Elf (3/3) Orc:2        Vaults (5/5) D:14
  Crypt (3/3) Vaults:2       Tomb (3/3) Crypt:3      Depths (4/4) D:15
   Hell (visited)             Dis (7/7) Hell            Geh (7/7) Hell
    Coc (7/7) Hell            Tar (7/7) Hell            Zot (5/5) Depths:4
Desolation (visited)

Altars:
Ashenzari
Cheibriados
Dithmenos
Elyvilon
Fedhas
Gozag
Hepliaklqana
Kikubaaqudgha
Makhleb
Nemelex Xobeh
Okawaru
Qazlal
Ru
Sif Muna
Trog
Uskayaw
Vehumet
Wu Jian
Xom
Yredelemnul
Zin
The Shining One
Jiyva
Lugonu

Shops:
D:4 *   D:5 (   D:9 *(!=[   D:14 (*[[(   Orc:1 *   Orc:2 =*?([   Elf:1 ==:
Elf:2 ?   Snake:1 **?*   Snake:3 [   Vaults:3 (:![[   Depths:1 *   Depths:3 [

Portals:
Hell: Depths:1 Depths:2 Depths:3 Depths:4
Abyss: Depths:1 Depths:3 Depths:4
Pandemonium: Depths:2

###############.#
#.# #.# #.#
##▓.▓## #8'''8#
#.▓▓▓.# ##...##
#..z..# #######


There were no monsters in sight!


Message History

Your connection to magic feels less subdued.
Your iridescent scales disappear.
You occasionally lose the ability to read scrolls when taking damage.
Your vision sharpens.
You feel a strange attunement to the structure of the dungeons.
You feel extremely strange.
You no longer become unable to read scrolls after taking damage.
Your magic regains its normal vibrancy.
You occasionally lose the ability to read scrolls when taking damage.
Large bone plates grow over parts of your arms.
You feel extremely strange.
You feel slightly disoriented.
You no longer become unable to read scrolls after taking damage.
Your large bone plates disappear.
Your feet thicken and deform.
You feel robust.
Okay, then.
Use which ability? (? or * to list)
Okay, then.
Okay, then.
Your flesh twists and warps into a mockery of life!
There is an open gate here.
There is an open gate here.
There is a staircase leading out of the dungeon here.
You are an undying horror.
You are flying.
You are studying Maces & Flails.
Your flying speed is average.
Your attack delay is about 0.5 (and cannot be improved with additional weapon skill).
Your damage rating with the +10 quick blade of Anohic {flame, Fly rElec} is about 38 (Base 4 x 160% (Dex) x 221% (Skill) + 24 (Ench + Slay)).
Your base attributes are Str 17, Int 11, Dex 27.
You can't go down here!
You have escaped!

Skill      XL: |  1  2  3  4  5  6  7  8  9 10 11 12 13 14 15 16 17 18 19 20 21 22 23 24 25 26 27 |
---------------+----------------------------------------------------------------------------------+-----
Short Blades   | 2 3 4 5 7 8 10 11 13 14 15 26 | 26.8
Stealth        | 5 6 7 8 9 11 12 13 | 13.2
Fighting       | 2 3 4 5 6 7 8 9 11 12 13 14 15 16 17 18 19 20 27 | 27.0
Throwing       | 2 3 4 5 6 7 8 9 18 | 18.3
Shields        | 1 2 3 4 5 8 10 11 12 14 27 | 27.0
Invocations    | 2 4 6 7 9 10 12 13 14 15 17 18 27 | 27.0
Dodging        | 2 4 8 11 13 15 | 15.0
Evocations     | 4 8 9 16 | 16.0
Shapeshifting  | 4 9 12 15 18 20 24 | 24.2
Armour         | 13 | 13.3

Action                     |  1- 3 |  4- 6 |  7- 9 | 10-12 | 13-15 | 16-18 | 19-21 | 22-24 | 25-27 || total
---------------------------+-------+-------+-------+-------+-------+-------+-------+-------+-------++-------
  Melee: Dagger            |   103 |   117 |   214 |   550 |   672 |       |       |       |       ||  1656
         Bite              |    17 |    23 |    75 |   258 |   683 |   575 |   818 |   860 |  5915 ||  9224
         Punch             |     1 |     1 |       |       |       |       |       |       |       ||     2
         Quick blade       |       |       |       |       |   733 |  1105 |  1457 |  1614 |  9203 || 14112
  Throw: Dart              |       |    13 |       |    12 |    18 |       |       |       |       ||    43
         Throwing net      |       |       |       |     2 |       |       |       |       |       ||     2
         Boomerang         |       |       |       |     4 |       |    65 |       |       |       ||    69
         Javelin           |       |       |       |     1 |       |       |       |       |    33 ||    34
 Invoke: Heroism           |       |       |       |     3 |     4 |       |       |       |       ||     7
         Receive Weapon    |       |       |       |       |     1 |       |       |       |       ||     1
         Receive Armour    |       |       |       |       |     1 |       |       |       |       ||     1
         Finesse           |       |       |       |       |       |     1 |       |       |       ||     1
         Grand Finale      |       |       |       |       |       |       |       |       |    11 ||    11
         Stomp             |       |       |       |       |       |       |       |       |     6 ||     6
Ability: Evoke Invisibilit |       |       |       |       |       |     1 |       |       |       ||     1
         Begin Untransform |       |       |       |       |       |       |       |       |     3 ||     3
  Evoke: Wand              |       |       |     1 |     3 |     2 |       |       |     1 |       ||     7
    Use: Scroll            |       |       |       |     2 |    19 |     4 |     2 |    12 |    22 ||    61
         Potion            |       |       |       |       |       |       |     1 |       |    12 ||    13
   Stab: Sleeping          |     7 |    10 |    11 |    20 |    32 |    42 |    46 |    76 |   142 ||   386
         Paralysed         |       |       |     1 |       |       |       |    79 |   111 |   638 ||   829
         Held in net/web   |       |       |       |     2 |       |       |       |       |       ||     2
         Distracted        |       |       |       |     2 |     4 |     3 |     9 |     6 |    94 ||   118
         Invisible         |       |       |       |       |       |       |       |       |     1 ||     1
 Armour: Robe              |    42 |    14 |       |       |       |       |       |       |   774 ||   830
         Leather armour    |       |    54 |    85 |    47 |       |       |       |       |       ||   186
         Ring mail         |       |       |       |   177 |   533 |   279 |   279 |   218 |   232 ||  1718
  Dodge: Dodged            |    37 |    54 |    75 |   111 |   275 |   149 |   300 |   313 |  1507 ||  2821
  Block: Buckler           |       |    24 |    65 |   166 |   403 |     3 |       |       |       ||   661
         Reflection        |       |       |     1 |     2 |     7 |    94 |    40 |    38 |    14 ||   196
         Kite shield       |       |       |       |       |       |   465 |   523 |   505 |   780 ||  2273
         Tower shield      |       |       |       |       |       |       |       |       |  3325 ||  3325
   Form: Death             |       |       |       |       |       |       |       |       |     5 ||     5
                           |       |       |       |       |       |       |       |       |     1 ||     1

Levels and vault maps discovered:
D:1:      saegor_arrival_simple_c, layout_basic, minivault_4,
          nicolae_shop_vocational
D:2:      layout_loops_ring, minmay_vboxes
D:3:      layout_basic
D:4:      layout_basic, serial_shops, shop, minmay_cupped
D:5:      layout_gridville, elyvilon_altar_4, serial_shops,
          nicolae_stop_n_shop_2, saegor_snake_ambush, uniq_prince_ribbit1,
          uniq_sigmund, uniq_menkaure
D:6:      minmay_skewed_foursquare, layout_basic, temple_fountains
D:7:      layout_basic, roderic_batcave, uniq_pikel
D:8:      layout_basic, dpeg_oklobed_lair, gammafunk_ghost_spectres,
          due_unseen_surprise
D:9:      kennysheep_spiral_hall, layout_loops_ring, serial_shops, shop,
          nicolae_shop_tiny_real_fake_doors, shop, nicolae_shop_peninsula, shop,
          uniq_erica
D:10:     layout_rooms, grunt_temple_overflow_open
D:11:     minmay_ornate_pinched, layout_stronghold, uniq_gastronok
D:12:     layout_roguey, orc_0_dummy, chequers_serial_rivers_micro_b,
          hangedman_misty_isle
D:13:     layout_cave_pools, argonaut_gorgonesque, uniq_rupert
D:14:     layout_layer_cave, hellmonk_vaults_order_and_chaos, serial_shops,
          nicolae_square_shop, shop, nicolae_shop_pleasant_corner_grove, shop,
          shop, nicolae_uskayaw_murder_on_the_dancefloor, minivault_11,
          kennysheep_generic_room_14, uniq_josephine, uniq_nessos, uniq_snorg
D:15:     gammafunk_depths_entry_grave, layout_rooms, nemelex_spade_bored_becter
Temple:   hellmonk_temple_divided_pantheon
Lair:1:   layout_gridlike, minivault_26, uniq_sonja, uniq_amaemon
Lair:2:   layout_long_grid, minmay_snake_entry_guardpost_small,
          chequers_serial_rivers_micro_e, serial_bayou_shore_a
Lair:3:   layout_loops_ring, swamp_mist_pool, st_stairs_7
Lair:4:   layout_cave_pods, special_room [special_room_bee],
          serial_bayou_shore_b, grunt_megastairs_1
Lair:5:   wormcave, layout_misc_corridors, hangedman_lair_in_review,
          slime_entry_1, gammafunk_ghost_split, lemuel_fruit_fields,
          serial_bayou_shore_b
Swamp:1:  nicolae_swamp_long_stream, layout_basic_swamp, serial_swamp_ruin,
          evilmike_swamp_ruin_house_6, evilmike_swamp_ruin_house_4
Swamp:2:  layout_basic_swamp, hellmonk_ghost_happy_afterlife,
          evilmike_swamp_ruin_rubble_1
Swamp:3:  layout_basic_swamp, hangedman_swamp_pad, hangedman_swamp_diagram,
          swamp_pool1, nicolae_swamp_tree_designs, infiniplex_staircase_pool
Swamp:4:  swamp_basic_johnstein, layout_basic_swamp, ebering_ghost_xom
Snake:1:  layout_chambers, ebering_ghost_gozag, minmay_shop_star,
          serial_bayou_shore_b, uniq_aizul, uniq_asterion
Snake:2:  layout_chambers, nicolae_snake_salamander_zone, uniq_vashnia
Snake:3:  nicolae_snake_shooting_gallery, layout_rooms, serial_shops, shop
Snake:4:  grunt_snake_rune_serpentine_throne, layout_cave_town, uniq_mara
Slime:1:  cheibrodos_slime_lost_civilization_10, layout_caves,
          nicolae_slime_getting_an_eyeful
Slime:2:  nicolae_slime_spelunking
Slime:3:  layout_caves
Slime:4:  layout_caves, basic_altar, nicolae_slime_crime_time
Slime:5:  slime_pit
Orc:1:    layout_caves, basic_altar, nicolae_shop_gadgets, uniq_jorgrun
Orc:2:    grunt_orc_cross, layout_caves, special_room, serial_shops,
          nicolae_lakefront_shop, uniq_donald
Elf:1:    eino_elf_arrival_shootout, layout_loops_corners,
          hangedman_elven_crosses_minicolossus, minmay_shop_grove, uniq_azrael
Elf:2:    elven_hall_of_blades_hangedman_original [nicolae_blade_bullseye],
          layout_geoelf_diagonals, serial_shops, shop, grunt_ministairs_13,
          dreamdust_deal_with_the_devil
Elf:3:    minmay_elf_hall, layout_geoelf_grid, fountainhead, uniq_norris
Vaults:1: nicolae_vaults_quartermaster, nicolae_vaults_wine_cellar,
          vaults_dpeg_ring, hangedman_vaults_stream, v_misc_24,
          hangedman_vaults_stagger, nicolae_vaults_steering_wheel,
          nicolae_vaults_sightless_eye, ontoclasm_vaults_pinch,
          nicolae_vaults_network_periphery, v_misc_13,
          nicolae_vaults_tetromino_Z_1, serial_ice_g,
          nicolae_vaults_offset_grid_hallway_3,
          nicolae_vaults_offset_grid_hallway_4, ontoclasm_vaults_ring_square,
          layout_vaults_maze
Vaults:2: ebering_ghost_disaster_area, nicolae_vaults_door_testing_chamber,
          vaults_dpeg_spiral, nicolae_vaults_closet_pinwheel_6,
          nicolae_vaults_little_ls, v_rooms_2, v_misc_31, vaults_dpeg_cross,
          nicolae_vaults_sesquioval_fish, v_pattern_5,
          minmay_crypt_entry_nasty_monster, st_more_cells,
          nicolae_vaults_lightning_bolt, vaults_room_grid,
          layout_vaults_omnibox, serial_hangedman_research,
          hangedman_research_convocations, hangedman_research_quantum
Vaults:3: nicolae_vaults_double_plus_2, vaults_standard_mumra_x,
          ontoclasm_vaults_twist, nicolae_vaults_little_squares_6, v_misc_11,
          nicolae_vaults_oozy_zoo, nicolae_vaults_taking_the_gang_shopping,
          nicolae_vaults_tetromino_L_2, nicolae_vaults_mini_display_case,
          layout_vaults_omnigrid, serial_shops, nicolae_shop_window_shopping,
          shop, nicolae_shop_real_fake_doors, nicolae_shop_gibbet_a_chance,
          uniq_frederick
Vaults:4: portal_desolation_entry_salt, nicolae_vaults_little_squares_5,
          v_misc_12, nicolae_vaults_stairing_the_circle, v_misc_30,
          nicolae_vaults_offset_grid_hallway_3, v_alt_pattern_6, v_misc_27,
          nicolae_vaults_shock_wave, nicolae_vaults_two_Ls,
          nicolae_vaults_double_plus_2, v_misc_12, layout_vaults_big_cross,
          enter_trove_3
Vaults:5: uniq_bai_suzhen
Crypt:1:  layout_chaotic_city, grunt_ministairs_11, uniq_josephina, uniq_zenata
Crypt:2:  layout_misc_corridors, hangedman_weighted_door, grunt_megastairs_3
Crypt:3:  cryptofortress_bobbens, uniq_xtahua, uniq_boris
Tomb:1
Tomb:2
Tomb:3
Depths:1: layout_cross, enter_ziggurat_c, hell_entry, serial_shops,
          shop_fountains, abyss_entry, kennysheep_cross_room, okawaru_gym_becter
Depths:2: dreamdust_isle_of_ice, layout_small_grid, rand_demon_pan_entry_1,
          nicolae_wwwww, hell_entry, nicolae_ru_awakened_eye,
          minmay_staircase_windowed_large
Depths:3: gammafunk_mikee_crab_dinner, layout_small_grid, abyss_entry,
          pf_vacation_house_of_asmodeus, serial_shops, nicolae_shop_tiny_glass,
          serial_sigils, serial_sigils_hangedman_quiver,
          serial_sigils_hangedman_gut, serial_sigils_hangedman_scratch,
          serial_sigils_hangedman_leer, serial_sigils_hangedman_gut,
          grunt_ministairs_1
Depths:4: evilmike_zot_entry_basic, layout_honeycomb, minmay_fountain_box,
          grunt_hell_horde, abyss_entry_flame_altar, uniq_grunn,
          uniq_saint_roka, uniq_margery, uniq_jory
Hell
Dis:1:    layout_jigsaw
Dis:2:    layout_overlapping_boxes
Dis:3:    layout_subdivisions
Dis:4:    layout_subdivisions
Dis:5:    layout_gridville
Dis:6:    hangedman_dis_monolith, layout_regular_city,
          nicolae_hells_seeping_fissure
Dis:7:    dis_st
Geh:1:    layout_gehenna_pools_basic
Geh:2:    layout_gehenna_pools_triple
Geh:3:    layout_gehenna_pools_basic, nicolae_geh_fourpack
Geh:4:    layout_gehenna_lava_caves
Geh:5:    nicolae_geh_gridlava [nicolae_sub_geh_gridintersect,
          nicolae_sub_geh_gridintersect, nicolae_sub_geh_gridintersect,
          nicolae_sub_geh_gridintersect], layout_gehenna_lava_caves
Geh:6:    layout_gehenna_pools_box
Geh:7:    geh_grunt_pentagon
Coc:1:    layout_ice_bergs, nicolae_coc_downstairs_cove
Coc:2:    layout_cocytus_delve
Coc:3:    layout_cocytus_delve
Coc:4:    layout_ice_bergs
Coc:5:    layout_cocytus_water_paths, serial_ice
Coc:6:    layout_cocytus_water_paths
Coc:7:    coc_hangedman
Tar:1:    layout_catacombs, nicolae_tar_four_comb_rooms
Tar:2:    layout_catacombs
Tar:3:    layout_grid_maze, nicolae_tar_cuneiform_city, nicolae_tar_combstack
Tar:4:    layout_grid_maze, nicolae_hells_seeping_fissure
Tar:6:    layout_catacombs, nicolae_tar_honey_chapel
Tar:7:    tar_minmay_river
Zot:1:    layout_gridlike, hangedman_zot_decor_unnerving_road,
          grunt_megastairs_2
Zot:2:    layout_cellular_growth
Zot:3:    nicolae_zot_draconian_monastery, layout_misc_corridors
Zot:4:    layout_twisted_circle
Zot:5:    layout_misc_corridors

Notes
Turn   | Place    | Note
-------+----------+-------------------------------------------
     0 | D:1      | tenshi1004 the Vine Stalker Brigand began the quest for the
                  | Orb.
     0 | D:1      | Reached XP level 1. HP: 11/11 MP: 2/2
   119 | D:1      | Reached skill level 2 in Short Blades
   142 | D:1      | Reached XP level 2. HP: 15/15 MP: 3/3
   149 | D:1      | Reached skill level 5 in Stealth
   172 | D:1      | Reached skill level 2 in Fighting
   172 | D:1      | Reached skill level 2 in Throwing
   187 | D:1      | Found Ocikiuv's Vocational Training.
   774 | D:2      | Reached XP level 3. HP: 18/18 MP: 4/4
  1150 | D:2      | Reached XP level 4. HP: 23/23 MP: 5/5
  2150 | D:4      | Found Orijuhyx's Assorted Antiques.
  2158 | D:4      | Bought a copper ring for 145 gold pieces
  2181 | D:4      | Noticed an ogre
  2195 | D:4      | Killed an ogre
  2196 | D:4      | Reached skill level 3 in Short Blades
  2196 | D:4      | Reached skill level 1 in Shields
  2196 | D:4      | Reached XP level 5. HP: 27/27 MP: 6/6
  2363 | D:4      | Reached XP level 6. HP: 32/32 MP: 7/7
  2530 | D:4      | Reached skill level 2 in Shields
  2534 | D:4      | Reached skill level 3 in Fighting
  2538 | D:4      | Reached skill level 3 in Throwing
  2546 | D:4      | Reached skill level 6 in Stealth
  2748 | D:4      | Identified the +7 war axe of Trauma {vamp, Fly rPois rC+
                  | Str+4 Dex-2}
  2801 | D:5      | Entered Level 5 of the Dungeon
  2842 | D:5      | Reached skill level 4 in Short Blades
  2842 | D:5      | Reached XP level 7. HP: 36/36 MP: 8/8
  3042 | D:5      | Found a white marble altar of Elyvilon.
  3094 | D:5      | Noticed Prince Ribbit
  3103 | D:5      | Killed Prince Ribbit
  3104 | D:5      | Reached skill level 3 in Shields
  3255 | D:5      | Noticed Sigmund
  3266 | D:5      | Killed Sigmund
  3267 | D:5      | Gained mutation: You have razor-sharp teeth. [Vine Stalker
                  | growth]
  3267 | D:5      | Reached XP level 8. HP: 40/40 MP: 9/9
  3384 | D:5      | Found Qodips Lolu's Antique Weapon Shop.
  3581 | D:5      | Noticed Menkaure
  3588 | D:5      | Killed Menkaure
  3627 | D:5      | Reached skill level 5 in Short Blades
  3788 | D:6      | Reached skill level 4 in Shields
  3854 | D:6      | Found a staircase to the Ecumenical Temple.
  3880 | Temple   | Found a transporter.
  3880 | Temple   | Found a transporter.
  3880 | Temple   | Found a transporter.
  3880 | Temple   | Found a transporter.
  3880 | Temple   | Entered the Ecumenical Temple
  3908 | Temple   | Became a worshipper of Warmaster Okawaru
  4100 | D:6      | Reached skill level 4 in Throwing
  4106 | D:6      | Reached skill level 4 in Fighting
  4106 | D:6      | Reached skill level 7 in Stealth
  4285 | D:6      | Reached * piety under Okawaru
  4286 | D:6      | Reached XP level 9. HP: 45/45 MP: 10/10
  4547 | D:6      | Reached skill level 6 in Short Blades
  4547 | D:6      | Reached skill level 5 in Shields
  4870 | D:4      | Bought a bronze wand for 116 gold pieces
  5257 | D:7      | Reached skill level 1 in Invocations
  5695 | D:7      | Noticed Pikel
  5702 | D:7      | Killed Pikel
  5702 | D:7      | Reached ** piety under Okawaru
  5703 | D:7      | Reached skill level 5 in Fighting
  5703 | D:7      | Reached skill level 5 in Throwing
  5703 | D:7      | Reached skill level 8 in Stealth
  5703 | D:7      | Reached skill level 2 in Invocations
  5844 | D:8      | Reached skill level 7 in Short Blades
  5955 | D:8      | Found a runed translucent gate.
  5955 | D:8      | Found a runed translucent gate.
  5955 | D:8      | Found a runed translucent gate.
  5956 | D:8      | Noticed ShioPomu's ghost (novice MiFi)
  6100 | D:8      | You fall into a shaft and drop 2 floors!
  6100 | D:10     | Entered Level 10 of the Dungeon
  6145 | D:10     | Noticed a gargoyle
  6195 | D:10     | Reached XP level 10. HP: 46/51 MP: 12/12
  6360 | D:9      | Reached *** piety under Okawaru
  6361 | D:9      | Reached skill level 3 in Invocations
  6413 | D:9      | Noticed Erica
  6432 | D:9      | Killed Erica
  6433 | D:9      | Reached skill level 9 in Stealth
  6507 | D:9      | Found Worhew's General Store.
  6536 | D:9      | Reached skill level 8 in Short Blades
  6633 | D:9      | Found Kefap's Antique Armour Emporium.
  6735 | D:9      | Reached **** piety under Okawaru
  6736 | D:9      | Reached skill level 6 in Throwing
  6836 | D:9      | Reached skill level 6 in Fighting
  6999 | D:8      | Found a staircase to the Lair.
  7456 | D:4      | Bought a long brass wand for 116 gold pieces
  7498 | D:4      | Bought a glowing brown potion for 26 gold pieces
  7715 | D:9      | Found Dosasin's Weapon Shoppe.
  7717 | D:9      | Noticed a two-headed ogre
  7756 | D:9      | Killed a two-headed ogre
  7757 | D:9      | Reached skill level 4 in Invocations
  7809 | D:9      | Found Umacve's Jewellery Shop.
  7839 | D:9      | Identified the +0 ring mail of Padoukid {Dex+3}
  7944 | D:9      | Found Xeatem's Distillery.
  8073 | D:10     | Reached XP level 11. HP: 53/56 MP: 15/15
  8090 | D:10     | Reached ***** piety under Okawaru
  8143 | D:10     | Received a gift from Okawaru
  8213 | D:10     | Reached skill level 9 in Short Blades
  8241 | D:10     | Reached skill level 10 in Stealth
  8365 | D:10     | Found a burning altar of Makhleb.
  8366 | D:10     | Found a snail-covered altar of Cheibriados.
  8366 | D:10     | Found a sacrificial altar of Ru.
  8367 | D:10     | Found a bloodstained altar of Trog.
  8371 | D:10     | Found a radiant altar of Vehumet.
  8372 | D:10     | Found an ornate altar of the Wu Jian Council.
  8372 | D:10     | Found a shimmering altar of Xom.
  8373 | D:10     | Found a blossoming altar of Fedhas.
  8612 | D:10     | Reached skill level 5 in Invocations
  8749 | D:11     | Noticed a manticore
  8752 | D:11     | Killed a manticore
  8756 | D:11     | Noticed a cyclops
  8758 | D:11     | Killed a cyclops
  8762 | D:11     | Noticed a skeletal warrior
  8771 | D:11     | Killed a skeletal warrior
  8772 | D:11     | Reached skill level 7 in Throwing
  8778 | D:11     | Noticed a cyclops
  8781 | D:11     | Killed a cyclops
  8782 | D:11     | Reached skill level 7 in Fighting
  8869 | D:11     | Noticed Gastronok
  8894 | D:11     | Killed Gastronok
  8894 | D:11     | Received a gift from Okawaru
  8895 | D:11     | Reached skill level 10 in Short Blades
  9027 | D:11     | Noticed a boulder beetle
  9031 | D:11     | Killed a boulder beetle
  9052 | D:11     | Reached skill level 11 in Stealth
  9057 | D:11     | Noticed a skeletal warrior
  9068 | D:11     | Killed a skeletal warrior
  9069 | D:11     | Reached skill level 6 in Invocations
  9069 | D:11     | Reached XP level 12. HP: 61/63 MP: 17/17
  9709 | Lair:1   | Entered Level 1 of the Lair of Beasts
  9788 | Lair:1   | Noticed Sonja
  9790 | Lair:1   | Noticed a death yak
  9790 | Lair:1   | Noticed a death yak
  9790 | Lair:1   | Noticed a death yak
  9790 | Lair:1   | Noticed a death yak
  9793 | Lair:1   | Killed Sonja
  9813 | Lair:1   | Killed a death yak
  9817 | Lair:1   | Noticed Amaemon
  9898 | Lair:1   | Received a gift from Okawaru
  9989 | Lair:1   | Killed Amaemon
  9990 | Lair:1   | Reached skill level 8 in Fighting
  9990 | Lair:1   | Reached skill level 8 in Throwing
 10024 | Lair:1   | Killed a death yak
 10151 | Lair:1   | Reached skill level 7 in Invocations
 10184 | Lair:1   | Reached skill level 12 in Stealth
 10405 | Lair:1   | Killed a death yak
 10419 | Lair:1   | Killed a death yak
 10705 | Lair:2   | Noticed a five-headed hydra
 10707 | Lair:2   | Noticed a boulder beetle
 10718 | Lair:2   | Killed a five-headed hydra
 10757 | Lair:2   | Killed a boulder beetle
 10915 | Lair:2   | Received a gift from Okawaru
 10999 | Lair:2   | Found a staircase to the Snake Pit.
 11016 | Lair:2   | Reached XP level 13. HP: 63/70 MP: 19/19
 11059 | Lair:2   | Reached skill level 8 in Invocations
 11121 | Lair:2   | Reached skill level 9 in Fighting
 11131 | Lair:2   | Reached skill level 9 in Throwing
 11131 | Lair:2   | Reached skill level 13 in Stealth
 11878 | Lair:3   | Received a gift from Okawaru
 11958 | Lair:3   | Found a staircase to the Swamp.
 12181 | Lair:3   | Reached skill level 11 in Short Blades
 12278 | Lair:3   | Reached ****** piety under Okawaru
 12278 | Lair:3   | Received a gift from Okawaru
 12408 | Lair:3   | Reached skill level 9 in Invocations
 12959 | Lair:4   | Received a gift from Okawaru
 12987 | Lair:4   | Reached XP level 14. HP: 76/76 MP: 21/21
 13081 | Lair:4   | Reached skill level 10 in Fighting
 13255 | Lair:4   | Reached skill level 12 in Short Blades
 14050 | Lair:5   | Entered Level 5 of the Lair of Beasts
 14089 | Lair:4   | Received a gift from Okawaru
 14108 | Lair:4   | Acquired the +10 quick blade of Anohic {flame, Fly rElec}
 14108 | Lair:4   | Received a gift from Okawaru
 14159 | Lair:4   | Reached skill level 10 in Invocations
 14213 | Lair:5   | Found a runed translucent gate.
 14216 | Lair:5   | Found a runed translucent gate.
 14217 | Lair:5   | Found a runed translucent gate.
 14219 | Lair:5   | Noticed Ricygex's ghost (journeyman TrFi)
 14219 | Lair:5   | Noticed a dire elephant
 14468 | Lair:5   | Found a viscous altar of Jiyva.
 14469 | Lair:5   | Found a staircase to the Slime Pits.
 14490 | Lair:5   | Received a gift from Okawaru
 14544 | Lair:5   | Reached skill level 13 in Short Blades
 14787 | Lair:5   | Found a runed translucent door.
 14917 | Lair:5   | Received a gift from Okawaru
 14918 | Lair:5   | Reached skill level 11 in Fighting
 15185 | Lair:5   | Reached XP level 15. HP: 70/82 MP: 24/24
 15298 | Lair:5   | Reached skill level 11 in Invocations
 15623 | Lair:5   | Killed Ricygex's ghost
 15624 | Lair:5   | Reached skill level 14 in Short Blades
 15641 | Lair:5   | Received a gift from Okawaru
 15718 | Lair:5   | Acquired the +1 pair of boots "Earthly Heaven" {Slay+5}
 15718 | Lair:5   | Received a gift from Okawaru
 15840 | D:8      | Killed ShioPomu's ghost
 16003 | D:4      | Bought a scroll labelled JAET PAGGI for 29 gold pieces
 16003 | D:4      | Bought a scroll labelled JAET PAGGI for 29 gold pieces
 16003 | D:4      | Bought a scroll labelled NOLEOHUUHI for 29 gold pieces
 16003 | D:4      | Bought a scroll labelled CAETUO ASHIXUX for 29 gold pieces
 16168 | D:9      | Bought a potion of brilliance for 56 gold pieces
 16168 | D:9      | Bought a potion of curing for 42 gold pieces
 16168 | D:9      | Bought a potion of mutation for 112 gold pieces
 16168 | D:9      | Bought a potion of mutation for 112 gold pieces
 16168 | D:9      | Bought 2 potions of might for 112 gold pieces
 16168 | D:9      | Bought a potion of curing for 42 gold pieces
 16168 | D:9      | Bought a potion of attraction for 42 gold pieces
 16168 | D:9      | Bought a potion of brilliance for 56 gold pieces
 16258 | D:12     | Found a staircase to the Orcish Mines.
 16892 | Orc:1    | Entered Level 1 of the Orcish Mines
 16908 | Orc:1    | Reached skill level 12 in Fighting
 16938 | Orc:1    | Noticed Jorgrun
 16941 | Orc:1    | Found Huhiz Onn's Gadget Gallery.
 16946 | Orc:1    | Killed Jorgrun
 16946 | Orc:1    | Received a gift from Okawaru
 16947 | Orc:1    | Reached skill level 12 in Invocations
 17007 | Orc:1    | Bought a wand of iceblast (1) for 33 gold pieces
 17194 | Orc:2    | Entered Level 2 of the Orcish Mines
 17227 | Orc:1    | Found a shimmering altar of Xom.
 17462 | Orc:2    | Reached skill level 1 in Dodging
 17559 | Orc:2    | Noticed an orc warlord
 17651 | Orc:2    | Killed an orc warlord
 17669 | Orc:2    | Found Biot's Antique Weapon Emporium.
 17691 | Orc:2    | Found Cooty's General Store.
 17702 | Orc:2    | Reached skill level 2 in Dodging
 17711 | Orc:2    | Bought a scroll of identify for 28 gold pieces
 17711 | Orc:2    | Bought 2 potions of might for 112 gold pieces
 17824 | Orc:2    | Identified a +0 crystal plate armour
 17824 | Orc:2    | Noticed Donald
 17836 | Orc:2    | Killed Donald
 17836 | Orc:2    | Received a gift from Okawaru
 17858 | Orc:2    | Found a staircase to the Elven Halls.
 18036 | Orc:2    | Found Qifosek's Jewellery Emporium.
 18051 | Orc:2    | Found Liygol's Antique Armour Emporium.
 18058 | Orc:2    | Bought an embroidered cloak for 217 gold pieces
 18090 | Orc:2    | Found Jag Oris's Magic Scroll Shoppe.
 18097 | Orc:2    | Bought a scroll of identify for 26 gold pieces
 18097 | Orc:2    | Bought a scroll of identify for 26 gold pieces
 18436 | D:13     | Noticed Rupert
 18447 | D:13     | Killed Rupert
 18448 | D:13     | Reached XP level 16. HP: 57/90 MP: 21/26
 18597 | D:13     | Reached skill level 3 in Dodging
 18938 | D:14     | Noticed Snorg
 18944 | D:14     | Killed Snorg
 18944 | D:14     | Received a gift from Okawaru
 19005 | D:14     | Noticed Josephine
 19009 | D:14     | Killed Josephine
 19029 | D:14     | Found a hide-covered altar of Uskayaw.
 19074 | D:14     | Found Vushox Icatz's Antique Weapon Shoppe.
 19103 | D:14     | Reached skill level 15 in Short Blades
 19274 | D:14     | Found Ufuaziot's General Store.
 19274 | D:14     | Noticed Nessos
 19282 | D:14     | Killed Nessos
 19354 | D:14     | Reached skill level 6 in Shields
 19377 | D:14     | Bought a wand of acid (3) for 201 gold pieces
 19377 | D:14     | Bought a scroll of fog for 64 gold pieces
 19527 | D:14     | Found Suott's Armour Boutique.
 19534 | D:14     | Bought a +0 pair of gloves of dexterity for 149 gold pieces
 19580 | D:14     | Found Duloogod's Weapon Boutique.
 19703 | D:14     | Found a gate to the Vaults.
 19707 | D:14     | Received a gift from Okawaru
 19708 | D:14     | Reached skill level 4 in Dodging
 19708 | D:14     | Found Zatorgh's Armour Boutique.
 20026 | D:14     | Bought the +2 helmet of Rupekkio {+Inv rF+} for 355 gold
                  | pieces
 20040 | D:15     | Entered Level 15 of the Dungeon
 20067 | D:15     | Reached skill level 13 in Fighting
 20070 | D:15     | Reached skill level 1 in Evocations
 20129 | D:15     | Found a staircase to the Depths.
 20143 | D:15     | Reached skill level 2 in Evocations
 20219 | D:15     | Reached skill level 7 in Shields
 20258 | D:15     | Received a gift from Okawaru
 20259 | D:15     | Reached skill level 3 in Evocations
 20638 | D:15     | Found a sparkling altar of Nemelex Xobeh.
 20838 | Snake:1  | Entered Level 1 of the Snake Pit
 20873 | Snake:1  | Reached skill level 4 in Evocations
 20925 | Snake:1  | Received a gift from Okawaru
 21048 | Snake:1  | Reached skill level 8 in Shields
 21048 | Snake:1  | Reached XP level 17. HP: 77/95 MP: 27/27
 21094 | Snake:1  | Found Turhajor's Magic Scroll Shop.
 21096 | Snake:1  | Found Bod Cuyt's General Store.
 21098 | Snake:1  | Found Ykaadap's General Store.
 21101 | Snake:1  | Bought a scroll of teleportation for 39 gold pieces
 21105 | Snake:1  | Bought a scroll of fog for 52 gold pieces
 21107 | Snake:1  | Bought a scroll of fog for 40 gold pieces
 21200 | Snake:1  | Reached skill level 5 in Evocations
 21348 | Snake:1  | Found a runed translucent gate.
 21350 | Snake:1  | Found a runed translucent gate.
 21350 | Snake:1  | Found an opulent altar of Gozag.
 21351 | Snake:1  | Found a runed translucent gate.
 21746 | Snake:1  | Found Xeitaogh's Assorted Antiques.
 21749 | Snake:1  | Noticed tenshi1004's ghost (journeyman FeBe)
 21767 | Snake:1  | Noticed Asterion
 21773 | Snake:1  | Killed Asterion
 21839 | Snake:1  | Noticed Aizul
 21842 | Snake:1  | Killed Aizul
 22035 | Snake:2  | Received a gift from Okawaru
 22099 | Snake:2  | Reached skill level 6 in Evocations
 22195 | Snake:2  | Reached skill level 9 in Shields
 22580 | Snake:2  | Received a gift from Okawaru
 22626 | Snake:2  | Noticed Vashnia
 22649 | Snake:2  | Reached skill level 7 in Evocations
 22702 | Snake:2  | Killed Vashnia
 23420 | Snake:3  | Reached skill level 10 in Shields
 23430 | Snake:3  | Found Poan's Antique Armour Shop.
 23477 | Snake:3  | Bought a dazzling ring mail for 261 gold pieces
 23477 | Snake:3  | Identified the +1 ring mail of Gamal {Dex+3 Slay+2 Stlth+}
                  | (You bought it in a shop on level 3 of the Snake Pit)
 23599 | Snake:3  | Reached skill level 14 in Fighting
 23602 | Snake:3  | Received a gift from Okawaru
 23672 | Snake:3  | Identified the +5 orcbow "Sifyoren" {heavy, Will+}
 23786 | Snake:3  | Reached skill level 8 in Evocations
 23910 | Snake:3  | Reached XP level 18. HP: 89/102 MP: 23/28
 24238 | Snake:3  | Identified the ring of Diemam {rN+ Will+ Dex-5 SInv Stlth+}
 24375 | Snake:4  | Entered Level 4 of the Snake Pit
 24433 | Snake:4  | Received a gift from Okawaru
 24436 | Snake:4  | Reached skill level 11 in Shields
 24486 | Snake:4  | Reached skill level 9 in Evocations
 24565 | Snake:4  | Noticed Mara
 24576 | Snake:4  | Noticed tenshi1004's illusion
 24582 | Snake:3  | Killed Mara
 24609 | Snake:4  | Reached skill level 5 in Dodging
 24743 | Snake:4  | Received a gift from Okawaru
 24767 | Snake:4  | HP: 10/102 [poisoned by a salamander]
 24772 | Snake:4  | HP: 9/102 [poisoned by a salamander]
 24909 | Snake:4  | Reached skill level 6 in Dodging
 25059 | Snake:4  | Reached skill level 7 in Dodging
 25130 | Snake:4  | Received a gift from Okawaru
 25162 | Snake:4  | Reached skill level 15 in Fighting
 25398 | Snake:4  | Reached skill level 8 in Dodging
 25402 | Snake:4  | Got a serpentine rune of Zot
 25666 | Snake:4  | Reached XP level 19. HP: 108/108 MP: 29/29
 25904 | Snake:1  | Bought a potion of curing for 30 gold pieces
 25904 | Snake:1  | Bought a potion of curing for 30 gold pieces
 25910 | Snake:1  | Bought a potion of enlightenment for 70 gold pieces
 25949 | Snake:1  | Killed tenshi1004's ghost
 25963 | Snake:1  | HP: 9/108 [poisoned by a guardian serpent (bolt of poison)]
 26174 | Swamp:1  | Entered Level 1 of the Swamp
 26305 | Swamp:1  | Identified the staff "Ismucraf" {rPois rN+ Will- Str+8
                  | Hexes Poison}
 26430 | Swamp:1  | Received a gift from Okawaru
 26451 | Swamp:1  | Reached skill level 9 in Dodging
 26819 | Swamp:2  | Identified a potion of resistance
 26910 | Swamp:2  | Identified the +1 rapier of Outrage {protect, rElec rN+
                  | Str+4 Dex-3}
 26974 | Swamp:2  | Found a runed translucent door.
 26974 | Swamp:2  | Noticed Omepubb's ghost (adept BaFi)
 27208 | Swamp:2  | Killed Omepubb's ghost
 27256 | Swamp:3  | Reached skill level 10 in Dodging
 27347 | Swamp:3  | Received a gift from Okawaru
 28050 | Swamp:4  | Entered Level 4 of the Swamp
 28222 | Swamp:4  | Found a runed translucent door.
 28222 | Swamp:4  | Found a shimmering altar of Xom.
 28222 | Swamp:4  | Noticed gorushi's ghost (adept FeBe)
 28250 | Swamp:4  | Killed gorushi's ghost
 28252 | Swamp:4  | Identified the +2 pair of boots of Ennui {SInv}
 28358 | Swamp:4  | Reached skill level 16 in Fighting
 28581 | Swamp:4  | Received a gift from Okawaru
 28698 | Swamp:4  | Reached skill level 11 in Dodging
 28771 | Swamp:4  | Got a decaying rune of Zot
 29235 | Temple   | Fell from the grace of Okawaru
 29235 | Temple   | Became a worshipper of Uskayaw the Reveller
 29468 | Vaults:1 | Entered Level 1 of the Vaults
 29473 | Vaults:1 | Reached * piety under Uskayaw
 29477 | Vaults:1 | Reached ** piety under Uskayaw
 29478 | Vaults:1 | Reached *** piety under Uskayaw
 29482 | Vaults:1 | Reached **** piety under Uskayaw
 29484 | Vaults:1 | Reached ***** piety under Uskayaw
 29485 | Vaults:1 | Reached XP level 20. HP: 116/116 MP: 30/30
 29491 | Vaults:1 | Reached ****** piety under Uskayaw
 29643 | Vaults:1 | Reached skill level 12 in Dodging
 30032 | Vaults:1 | Reached skill level 13 in Invocations
 30703 | Vaults:2 | Reached skill level 13 in Dodging
 30759 | Vaults:2 | Reached skill level 17 in Fighting
 31009 | Vaults:2 | Reached XP level 21. HP: 111/121 MP: 32/32
 31432 | Vaults:2 | Got a glistering book
 31499 | Vaults:2 | Reached skill level 14 in Dodging
 31504 | Vaults:2 | Got a dusty book
 31743 | Vaults:2 | Reached skill level 14 in Invocations
 31765 | Vaults:2 | Noticed a bone dragon
 31774 | Vaults:2 | Killed a bone dragon
 31870 | Vaults:2 | Found a staircase to the Crypt.
 32170 | Vaults:2 | Found a large runed translucent door.
 32170 | Vaults:2 | Found a large runed translucent door.
 32184 | Vaults:2 | Noticed steven32's ghost (adept DrSu)
 32230 | Vaults:2 | Killed steven32's ghost
 32366 | Vaults:3 | Found Simag's Weapon Emporium.
 32419 | Vaults:3 | Found Ihitotur's Book Shop.
 32534 | Vaults:3 | Reached skill level 1 in Shapeshifting
 32535 | Vaults:3 | Noticed Frederick
 32547 | Vaults:3 | Killed Frederick
 32556 | Vaults:3 | Reached skill level 2 in Shapeshifting
 32610 | Vaults:3 | Identified a scarf of resistance
 32951 | Vaults:3 | Reached skill level 3 in Shapeshifting
 33037 | Vaults:3 | Found a runed translucent door.
 33047 | Vaults:3 | Reached skill level 15 in Dodging
 33066 | Vaults:3 | Reached skill level 4 in Shapeshifting
 33210 | Vaults:3 | Reached XP level 22. HP: 126/128 MP: 34/34
 33334 | Vaults:3 | Found Gaevic's Antique Armour Shoppe.
 33340 | Vaults:3 | Found Utigumich's Antique Armour Shoppe.
 33347 | Vaults:3 | Bought a glowing cloak for 352 gold pieces
 33592 | Vaults:3 | Found Birim's Distillery.
 33595 | Vaults:3 | Bought a potion of haste for 140 gold pieces
 33705 | Vaults:4 | Found a portal to a secret trove of treasure.
 33779 | Vaults:4 | Reached skill level 5 in Shapeshifting
 33868 | Vaults:4 | Reached skill level 18 in Fighting
 33879 | Vaults:4 | Identified the +0 helmet of Trumpets {rN+ Will+}
 33967 | Vaults:4 | Found a crumbling gateway.
 33984 | Desolati | Entered the Desolation of Salt
 34053 | Desolati | Reached skill level 6 in Shapeshifting
 34059 | Desolati | Reached skill level 15 in Invocations
 34200 | Desolati | Identified the +2 great mace of Kuhebreh {heavy, Str+2}
 34211 | Desolati | Got a dusty book
 34212 | Desolati | Identified the +8 battleaxe of Roirum {drain, rElec Int+4}
 34229 | Desolati | Identified the +6 long sword of Wankodgh {venom, Int+6}
 34290 | Desolati | Reached skill level 7 in Shapeshifting
 34336 | Desolati | Identified the ring of Nischegu {rPois rCorr}
 34374 | Desolati | Identified the +5 great sword "Vis Ufowk" {venom, +Blink}
 34426 | Desolati | Identified the staff of Superiority {rElec Stlth+ Air}
 34429 | Desolati | Identified the ring "Uruvav" {Ice Slay+2}
 34479 | Desolati | Got a torn book
 34482 | Desolati | Identified the +5 morningstar of the Unliving {flame,
                  | rPois}
 34793 | Vaults:4 | Reached skill level 8 in Shapeshifting
 35517 | Vaults:4 | Was forgiven by Okawaru
 35978 | Elf:1    | Entered Level 1 of the Elven Halls
 36011 | Elf:1    | Reached skill level 9 in Shapeshifting
 36292 | Elf:1    | Reached XP level 23. HP: 134/134 MP: 35/35
 36394 | Elf:1    | Found Sohuce's Jewellery Shoppe.
 36396 | Elf:1    | Found Goriprih's Book Shop.
 36397 | Elf:1    | Found Erchil's Jewellery Shoppe.
 36409 | Elf:1    | Bought the amulet of Hijyovec {RegenMP rN+ Will+ Regen+
                  | rCorr} for 628 gold pieces
 36445 | Elf:1    | Reached skill level 16 in Invocations
 36456 | Elf:1    | Reached skill level 10 in Shapeshifting
 36724 | Elf:1    | Noticed Azrael
 36729 | Elf:1    | Killed Azrael
 37271 | Elf:2    | Found Fatug's Magic Scroll Boutique.
 37284 | Elf:2    | Bought a scroll of blinking for 127 gold pieces
 37284 | Elf:2    | Bought a scroll of teleportation for 51 gold pieces
 37284 | Elf:2    | Bought a scroll of fog for 68 gold pieces
 37312 | Elf:2    | Found a runed translucent gate.
 37312 | Elf:2    | Found a runed translucent gate.
 37312 | Elf:2    | Found a runed translucent gate.
 37419 | Elf:2    | Identified a +9 crystal plate armour of ponderousness
 37498 | Elf:2    | Reached skill level 19 in Fighting
 37523 | Elf:2    | Reached skill level 11 in Shapeshifting
 37874 | Elf:3    | Entered Level 3 of the Elven Halls
 38166 | Elf:3    | Noticed Norris
 38184 | Elf:3    | Killed Norris
 38203 | Elf:3    | Reached skill level 12 in Shapeshifting
 38261 | Elf:3    | Identified the ring "Jaustriw" {Ice *Corrode Int+3 SInv}
 38298 | Elf:3    | Identified the +8 sling of the Battered Yaks {antimagic,
                  | Str+3}
 38299 | Elf:3    | Identified the ring "Konlisi" {Contam rCorr Str+4 SInv}
 38393 | Elf:3    | Identified the staff "Jude Udo" {rC+ rCorr Str+6 Dex-3 Ice}
 38424 | Elf:3    | Got a grimy book
 38459 | Elf:3    | Found the +8 mithril axe "Arga" {speed, Will+}
 38481 | Elf:3    | Identified the +9 spear of Cigyuh {protect, Int+2}
 38482 | Elf:3    | Identified the +6 hand axe of Evolution {elec, rN+}
 38505 | Elf:3    | Got a thrumming book
 38520 | Elf:3    | Got an illuminated book
 38844 | Orc:2    | Bought a scroll of teleportation for 39 gold pieces
 38844 | Orc:2    | Bought a scroll of enchant armour for 97 gold pieces
 38844 | Orc:2    | Bought a scroll of silence for 123 gold pieces
 38844 | Orc:2    | Bought a scroll of enchant weapon for 97 gold pieces
 38844 | Orc:2    | Bought a scroll of enchant weapon for 97 gold pieces
 39054 | Vaults:4 | You paid a toll of 13 scrolls of teleportation to enter a
                  | treasure trove
 39055 | Trove    | Entered a treasure trove
 39060 | Trove    | Found the +8 storm bow {elec, penet}
 39074 | Trove    | Identified the +0 pair of gloves "Osimihejes" {Dex+7}
 39091 | Trove    | Identified the +0 scale mail "Vupn" {Dex+4}
 39221 | Depths:1 | Entered Level 1 of the Depths
 39221 | Depths:1 | Found Kogec's General Store.
 39221 | Depths:1 | Found an iron altar of Okawaru.
 39225 | Depths:1 | Bought a wand of digging (2) for 109 gold pieces
 39267 | Depths:1 | Found a gateway to Hell.
 39273 | Depths:1 | Found a one-way gateway to a ziggurat.
 39293 | Depths:1 | Found a one-way gate to the infinite horrors of the Abyss.
 39314 | Depths:1 | Reached skill level 17 in Invocations
 39456 | Depths:1 | Identified the +6 quarterstaff "Vine Stalker's Curse"
                  | {protect, rF+ rC+ rN+ Str-2}
 39584 | Depths:2 | Reached XP level 24. HP: 141/141 MP: 36/36
 39630 | Depths:2 | Reached skill level 13 in Shapeshifting
 39866 | Depths:2 | Found a sacrificial altar of Ru.
 39923 | Depths:2 | Found a one-way gate leading to the halls of Pandemonium.
 39950 | Depths:2 | Noticed a shard shrike
 39951 | Depths:2 | Noticed a shard shrike
 39957 | Depths:2 | Noticed a shard shrike
 39963 | Depths:2 | Killed a shard shrike
 40441 | Depths:2 | Paralysed by a wendigo for 1 turns
 40522 | Depths:2 | Noticed a shard shrike
 40530 | Depths:2 | Killed a shard shrike
 40531 | Depths:2 | Killed a shard shrike
 40546 | Depths:2 | Killed a shard shrike
 40794 | Depths:3 | Reached skill level 14 in Shapeshifting
 41351 | Depths:3 | Found Goroaj's Armour Emporium.
 41359 | Depths:3 | Bought the +5 robe of Night {Dark Will+ SInv} for 1260 gold
                  | pieces
 41359 | Depths:3 | Found the +5 robe of Night {Dark Will+ SInv}
 41379 | Depths:3 | Identified the +4 sling of Fundamental Breach {flame, *Slow
                  | rN+ Str+3}
 41688 | Depths:4 | Entered Level 4 of the Depths
 41688 | Depths:4 | Noticed Margery
 41694 | Depths:4 | Reached skill level 20 in Fighting
 41697 | Depths:4 | Killed Margery
 41750 | Depths:4 | Noticed Saint Roka
 41770 | Depths:4 | Killed Saint Roka
 41812 | Depths:4 | Found a corrupted altar of Lugonu.
 41976 | Depths:4 | Reached skill level 18 in Invocations
 41986 | Depths:4 | Reached skill level 15 in Shapeshifting
 42000 | Depths:4 | Noticed Jory
 42013 | Depths:4 | Found a gate to the Realm of Zot.
 42017 | Depths:4 | Killed Jory
 42025 | Depths:4 | Noticed Grunn
 42033 | Depths:4 | Killed Grunn
 42047 | Depths:4 | Reached XP level 25. HP: 113/147 MP: 36/37
 42918 | Vaults:5 | Entered Level 5 of the Vaults
 42929 | Vaults:4 | Reached skill level 16 in Shapeshifting
 43403 | Vaults:5 | Reached skill level 17 in Shapeshifting
 43408 | Vaults:5 | Identified a scroll of acquirement
 43423 | Vaults:5 | Acquired 985 gold pieces
 43583 | Vaults:5 | Reached skill level 12 in Shields
 43708 | Vaults:5 | HP: 12/147 [titan/the air (10)]
 43715 | Vaults:5 | HP: 12/144 [something (1)]
 43894 | Vaults:5 | Identified the +0 leather armour of Muttered Phrases
                  | {Rampage}
 43982 | Vaults:5 | Noticed Bai Suzhen
 43996 | Vaults:5 | Killed Bai Suzhen
 44063 | Vaults:5 | Got a silver rune of Zot
 44143 | Vaults:5 | Identified the ring of Heattec {rC+ Dex+3 SInv}
 44154 | Vaults:5 | Reached skill level 18 in Shapeshifting
 44441 | Vaults:5 | Got a peculiar book
 44443 | Vaults:5 | Identified the +7 shortbow of Compassion {drain, Fly rN+}
 44454 | Vaults:5 | Got a gaudy book
 44456 | Vaults:5 | Identified the +0 shortbow of Qung {freeze, rElec Will+}
 45060 | Slime:1  | Entered Level 1 of the Pits of Slime
 45066 | Slime:1  | Reached XP level 26. HP: 148/152 MP: 37/37
 45353 | Slime:1  | Reached skill level 13 in Shields
 45353 | Slime:1  | Gained mutation: Your magical capacity is low. (-10% MP) [a
                  | shining eye]
 45527 | Slime:1  | Gained mutation: You are weak. (Str -2) [a shining eye]
 46545 | Slime:3  | You are sucked into a shaft and drop 1 floor!
 46565 | Slime:3  | Reached skill level 19 in Shapeshifting
 47454 | Slime:5  | Entered Level 5 of the Pits of Slime
 47481 | Slime:5  | Noticed the Royal Jelly
 47498 | Slime:5  | Killed the Royal Jelly
 47962 | Slime:5  | Gained mutation: Your magical capacity is very low. (-20%
                  | MP) [a shining eye]
 47966 | Slime:5  | Gained mutation: You are clumsy. (Dex -2) [a shining eye]
 47968 | Slime:5  | Gained mutation: You occasionally lose the ability to read
                  | scrolls when taking damage. [a shining eye]
 47974 | Slime:5  | Gained mutation: You sometimes lose your temper in combat.
                  | [a shining eye]
 47977 | Slime:5  | Lost mutation: You are weak. (Str -2) [potion of mutation]
 47977 | Slime:5  | Lost mutation: You sometimes lose your temper in combat.
                  | [potion of mutation]
 47977 | Slime:5  | Lost mutation: You are clumsy. (Dex -2) [potion of
                  | mutation]
 47977 | Slime:5  | Gained mutation: Your system is resistant to poisons.
                  | (rPois) [potion of mutation]
 47977 | Slime:5  | Gained mutation: You have a pair of small antennae on your
                  | head. [potion of mutation]
 47978 | Slime:5  | Lost mutation: You have a pair of small antennae on your
                  | head. [potion of mutation]
 47978 | Slime:5  | Lost mutation: You occasionally lose the ability to read
                  | scrolls when taking damage. [potion of mutation]
 47978 | Slime:5  | Lost mutation: Your magical capacity is very low. (-20% MP)
                  | [potion of mutation]
 47978 | Slime:5  | Gained mutation: You have supernaturally acute eyesight.
                  | (SInv) [potion of mutation]
 47978 | Slime:5  | Gained mutation: You are partially covered in iridescent
                  | scales. (AC +2) [potion of mutation]
 47984 | Slime:5  | Found the +9 sword of Power {lifebolt}
 47990 | Slime:5  | Identified the +11 dagger of the Beast {spect, *Corrode rF+
                  | Str+3 Dex+4}
 48032 | Slime:5  | Identified the staff of Midwinter {Fly rPois rC+ Poison}
 48033 | Slime:5  | Identified the staff "Ichaci" {rN+ Int+4 Necro}
 48081 | Slime:5  | Got a slimy rune of Zot
 48097 | Slime:5  | Identified the +2 battleaxe of Anxiety {flame, rPois Dex+5}
 48225 | Slime:5  | Reached skill level 14 in Shields
 48297 | Slime:5  | Gained mutation: Your spells are a little easier to cast,
                  | but a little less powerful. [a shining eye]
 49129 | D:1      | Bought a manual of Evocations for 960 gold pieces
 49129 | D:1      | Bought a manual of Invocations for 960 gold pieces
 49354 | D:9      | Bought a talisman of death for 1591 gold pieces
 49571 | Zot:1    | Entered Level 1 of the Realm of Zot
 49599 | Zot:1    | You are sucked into a shaft and drop 1 floor!
 49655 | Zot:2    | Reached skill level 20 in Shapeshifting
 50115 | Zot:1    | Noticed an orb of fire
 50127 | Zot:1    | Killed an orb of fire
 50338 | Zot:1    | Noticed an orb of fire
 50353 | Zot:1    | Gained mutation: You occasionally shout uncontrollably at
                  | your foes. [an orb of fire]
 50365 | Zot:1    | Killed an orb of fire
 50582 | Zot:1    | Reached XP level 27. HP: 150/156 MP: 32/33
 50726 | Zot:1    | Identified the amulet of Past Mistakes {Faith rF++ rN+
                  | rCorr Int-3}
 51485 | Zot:3    | Reached skill level 15 in Shields
 51489 | Zot:3    | Reached skill level 21 in Shapeshifting
 52003 | Zot:3    | Found a basalt altar of Yredelemnul.
 52120 | Zot:3    | Got a foxed book
 52925 | Zot:3    | Reached skill level 22 in Shapeshifting
 53029 | Zot:4    | Reached skill level 16 in Shields
 53626 | Zot:4    | Noticed a curse toe
 53637 | Zot:4    | Killed a curse toe
 53856 | Zot:5    | Entered Level 5 of the Realm of Zot
 54053 | Zot:5    | Noticed an orb of fire
 54067 | Zot:5    | Killed an orb of fire
 54068 | Zot:5    | Reached skill level 23 in Shapeshifting
 54243 | Zot:5    | Reached skill level 17 in Shields
 54362 | Zot:5    | Noticed an electric golem
 54380 | Zot:5    | Noticed an orb of fire
 54381 | Zot:5    | Killed an orb of fire
 54393 | Zot:5    | Killed an electric golem
 54436 | Zot:5    | Identified the +12 whip of Vutystig {venom, *Corrode rC+
                  | Int+5}
 54525 | Zot:5    | Noticed a dread lich
 54528 | Zot:5    | Noticed an electric golem
 54532 | Zot:5    | Killed an electric golem
 54545 | Zot:5    | Killed a dread lich
 54546 | Zot:5    | Reached skill level 24 in Shapeshifting
 54600 | Zot:5    | Noticed an ancient lich
 54615 | Zot:5    | Killed an ancient lich
 55500 | Pan      | Entered Pandemonium
 55669 | Pan      | Identified the +4 mace "Efyrhud" {elec, +Blink rCorr}
 55840 | Pan      | Reached skill level 19 in Invocations
 56172 | Pan      | Noticed Ignacio
 56185 | Pan      | Killed Ignacio
 56211 | Pan      | Reached skill level 10 in Evocations
 56212 | Pan      | Found an opulent altar of Gozag.
 56212 | Pan      | Found Jange's Quality Elixirs.
 56240 | Pan      | Found an opulent altar of Gozag.
 56242 | Pan      | Noticed a dread lich
 56254 | Pan      | Killed a dread lich
 56256 | Pan      | Noticed a dread lich
 56260 | Pan      | Noticed Jange the pandemonium lord
 56269 | Pan      | Killed a dread lich
 56274 | Pan      | Killed Jange the pandemonium lord
 56275 | Pan      | Reached skill level 20 in Invocations
 56276 | Pan      | Found Jange's Infernal Boutique.
 56282 | Pan      | Found Jange's Demonic Rune Supply.
 56290 | Pan      | Reached skill level 18 in Shields
 56294 | Pan      | HP: 10/156 [moth of wrath[a demonspawn corrupter] (11)]
 56297 | Pan      | Found Jange's Fine Accessories.
 56341 | Pan      | Found an opulent altar of Gozag.
 56492 | Pan      | Bought a potion of mutation for 144 gold pieces
 56492 | Pan      | Bought a potion of haste for 180 gold pieces
 56492 | Pan      | Bought 2 potions of mutation for 288 gold pieces
 56492 | Pan      | Bought a potion of cancellation for 144 gold pieces
 56510 | Pan      | Bought a wand of acid (1) for 54 gold pieces
 56733 | Pan      | Reached skill level 11 in Evocations
 56989 | Pan      | Noticed Taf Acontiy the pandemonium lord
 56998 | Pan      | Killed Taf Acontiy the pandemonium lord
 56999 | Pan      | Reached skill level 21 in Invocations
 57013 | Pan      | Got a demonic rune of Zot
 57076 | Pan      | Entered the realm of Lom Lobon.
 57805 | Pan      | Reached skill level 12 in Evocations
 57831 | Pan      | Noticed Lom Lobon
 57835 | Pan      | Killed Lom Lobon
 57846 | Pan      | Got a magical rune of Zot
 58000 | Pan      | Reached skill level 22 in Invocations
 58077 | Pan      | Noticed Danophudgh the pandemonium lord
 58083 | Pan      | Killed Danophudgh the pandemonium lord
 58295 | Pan      | Entered the realm of Mnoleg.
 58478 | Pan      | Reached skill level 13 in Evocations
 58509 | Pan      | Identified the +0 scale mail of the Planets {Str+4}
 58606 | Pan      | Noticed Mnoleg
 58621 | Pan      | Killed Mnoleg
 58622 | Pan      | Reached skill level 23 in Invocations
 58648 | Pan      | Got a glowing rune of Zot
 58975 | Pan      | Found an exit through the horrors of the Abyss.
 59081 | Pan      | Entered the realm of Cerebov.
 59133 | Pan      | Reached skill level 21 in Fighting
 59160 | Pan      | Found the +6 sword of Cerebov {flame}
 59160 | Pan      | Noticed Cerebov
 59163 | Pan      | Killed Cerebov
 59318 | Pan      | Found an exit through the horrors of the Abyss.
 59389 | Pan      | Reached skill level 19 in Shields
 59440 | Pan      | Reached skill level 14 in Evocations
 59643 | Pan      | Identified the +2 glaive of Ettyecko {vamp, rC+ Int+5}
 59669 | Pan      | Identified the +1 cloak "Umaeqis" {Will+++}
 59673 | Pan      | Identified the ring of the Firefly {rC+ EV+5}
 59694 | Pan      | Reached skill level 24 in Invocations
 59710 | Pan      | Identified the +6 chain mail of Defiance {Str+3 Dex-3}
 59711 | Pan      | Identified the +12 arbalest of Lihou {elec, rC- rN++}
 59751 | Pan      | Got a fiery rune of Zot
 60233 | Pan      | Found an exit through the horrors of the Abyss.
 60438 | Pan      | Entered the realm of Gloorx Vloq.
 60615 | Pan      | Reached skill level 25 in Invocations
 60676 | Pan      | Noticed a curse skull
 60679 | Pan      | Reached skill level 15 in Evocations
 60687 | Pan      | Killed a curse skull
 60725 | Pan      | Noticed a curse skull
 60732 | Pan      | Killed a curse skull
 60746 | Pan      | Noticed Gloorx Vloq
 60758 | Pan      | Killed Gloorx Vloq
 60779 | Pan      | Got a dark rune of Zot
 61441 | Pan      | Identified the +8 broad axe of the Swamp {heavy, Contam
                  | rN++ Str+3}
 61886 | Pan      | Found an exit through the horrors of the Abyss.
 61948 | Pan      | Took an exit into the Abyss.
 61948 | Abyss:1  | You pass through the gate.
 61948 | Abyss:1  | Escaped into the Abyss
 61964 | Abyss:1  | Found a corrupted altar of Lugonu.
 62061 | Abyss:2  | Found a corrupted altar of Lugonu.
 62180 | Abyss:3  | Found a corrupted altar of Lugonu.
 62244 | Abyss:3  | Reached skill level 20 in Shields
 62287 | Abyss:3  | Found a corrupted altar of Lugonu.
 62296 | Abyss:3  | Got an abyssal rune of Zot
 62312 | Depths:2 | You pass through the gate.
 62312 | Depths:2 | Escaped the Abyss
 62360 | Hell     | Entered the Vestibule of Hell
 62360 | Hell     | Noticed Geryon
 62364 | Hell     | Killed Geryon
 62374 | Hell     | Reached skill level 26 in Invocations
 62387 | Hell     | Found a gateway to the freezing wastes of Cocytus.
 62497 | Hell     | Found a gateway to the decaying netherworld of Tartarus.
 62688 | Hell     | Found a gateway to the ashen valley of Gehenna.
 62790 | Hell     | Found a gateway to the Iron City of Dis.
 62897 | Coc:1    | Entered Level 1 of Cocytus
 63612 | Coc:4    | Reached skill level 22 in Fighting
 63704 | Coc:4    | Reached skill level 16 in Evocations
 63851 | Coc:5    | Paralysed by a wendigo for 1 turns
 64054 | Coc:5    | Reached skill level 21 in Shields
 64333 | Coc:6    | Paralysed by a wendigo for 1 turns
 64476 | Coc:7    | Entered Level 7 of Cocytus
 64491 | Coc:7    | Reached skill level 27 in Invocations
 64542 | Coc:7    | Noticed the Serpent of Hell
 64567 | Coc:7    | Paralysed by a wendigo for 1 turns
 64580 | Coc:7    | Noticed a dread lich
 64590 | Coc:7    | Killed a dread lich
 64591 | Coc:7    | Killed the Serpent of Hell
 64739 | Coc:7    | Reached skill level 22 in Shields
 64782 | Coc:7    | Noticed Antaeus
 64787 | Coc:7    | Killed Antaeus
 64921 | Coc:7    | Paralysed by a wendigo for 1 turns
 64998 | Coc:7    | Paralysed by a wendigo for 1 turns
 64999 | Coc:7    | Reached skill level 23 in Fighting
 65139 | Coc:7    | Reached skill level 23 in Shields
 65231 | Coc:7    | Found the +5 demon whip "Spellbinder" {antimagic, disrupt,
                  | Will+}
 65239 | Coc:7    | Identified the +11 war axe "Sociv" {pain, rC+}
 65248 | Coc:7    | Identified the +5 scale mail of the Bequeathed Wumpus {+Inv
                  | rElec Slay+3}
 65250 | Coc:7    | Identified the staff "Losoh" {rN++ Int+3 Stlth+ Earth}
 65373 | Coc:7    | Got an icy rune of Zot
 65376 | Coc:7    | Identified the staff "Ociet" {Conj Hexes}
 65377 | Coc:7    | Identified the +3 sling of Insufficient Pleasure {drain,
                  | rC- Will++}
 65530 | Geh:1    | Entered Level 1 of Gehenna
 65540 | Geh:1    | Noticed a dread lich
 65557 | Geh:1    | Killed a dread lich
 65835 | Geh:2    | Reached skill level 16 in Short Blades
 66579 | Geh:4    | Reached skill level 24 in Shields
 66752 | Geh:5    | Noticed a dread lich
 66768 | Geh:5    | Killed a dread lich
 67366 | Geh:7    | Entered Level 7 of Gehenna
 68217 | Geh:7    | Found the +13 sceptre of Asmodeus
 68217 | Geh:7    | Noticed Asmodeus
 68218 | Geh:7    | Killed Asmodeus
 68219 | Geh:7    | Reached skill level 24 in Fighting
 68219 | Geh:7    | Reached skill level 17 in Short Blades
 68229 | Geh:7    | Got an obsidian rune of Zot
 68364 | Geh:7    | Identified the +5 spear "Undertaker" {venom, Fragile rElec
                  | Dex+7}
 68753 | Zig:1    | Entered Level 1 of a ziggurat
 68769 | Zig:2    | Entered Level 2 of a ziggurat
 68798 | Zig:3    | Entered Level 3 of a ziggurat
 68812 | Zig:3    | Identified the +8 quarterstaff of Fanunwish {heavy, Fragile
                  | +Blink rC++ Int+3}
 68840 | Zig:4    | Entered Level 4 of a ziggurat
 68880 | Zig:5    | Entered Level 5 of a ziggurat
 68887 | Zig:5    | Found the +7 great mace "Firestarter" {flame, immolate,
                  | rFlCloud rF++}
 68929 | Zig:6    | Entered Level 6 of a ziggurat
 68944 | Zig:6    | Reached skill level 25 in Shields
 68983 | Zig:7    | Entered Level 7 of a ziggurat
 68991 | Zig:7    | Noticed Ekedghit the pandemonium lord
 69009 | Zig:7    | Killed Ekedghit the pandemonium lord
 69009 | Zig:7    | Identified the staff "Puosalod" {rElec rN+ Int-2 SInv Air}
 69010 | Zig:7    | Identified the ring "Wuistin" {Ice rPois Slay+5}
 69050 | Zig:7    | Identified the +4 mace of Gozag's Felicitations {freeze,
                  | Int+4}
 69051 | Zig:7    | Identified the ring "Usupp" {Ice Dex+3}
 69071 | Zig:8    | Entered Level 8 of a ziggurat
 69103 | Zig:8    | Identified the +0 falchion of Infinite Pain {spect, SInv}
 69104 | Zig:8    | Identified the +1 scale mail of Editeceu {Will+ Str+3
                  | Stlth+}
 69109 | Zig:8    | Identified the +6 chain mail of Spring {Dex+3}
 69137 | Zig:9    | Entered Level 9 of a ziggurat
 69198 | Zig:9    | Identified the +1 scale mail of Feacrem {Harm Drain +Inv
                  | rF+++}
 69212 | Zig:9    | Identified the ring "Vuemuzom" {Fly rF- rC+ Stlth+}
 69234 | Zig:10   | Entered Level 10 of a ziggurat
 69300 | Zig:10   | Acquired 796 gold pieces
 69301 | Zig:10   | Acquired a manual of Throwing
 69305 | Zig:10   | Identified the ring of the Duke {rElec Dex+6 SInv}
 69335 | Zig:11   | Entered Level 11 of a ziggurat
 69349 | Zig:11   | Identified a potion of experience
 69350 | Zig:11   | Found the +10 zealot's sword {holy, Zealotry, *Rage rN+
                  | EV+3}
 69389 | Zig:11   | Identified the staff "Pidghypp" {Contam rC+ rN+++ Will+
                  | Stlth+ Ice}
 69520 | Zig:12   | Entered Level 12 of a ziggurat
 69587 | Zig:12   | Found the +10 tower shield of Ignorance {rN+ Int-4}
 69621 | Zig:12   | Reached skill level 18 in Short Blades
 69621 | Zig:12   | Reached skill level 26 in Shields
 69663 | Zig:12   | Identified the +8 morningstar of False Hope {heavy, Str+2}
 69667 | Zig:12   | Identified the +5 demon blade "Jijarr" {freeze, rC+ Int+2
                  | Dex+3}
 69668 | Zig:12   | Identified the ring of Ufragg {rPois AC+4 Int+6}
 69707 | Zig:13   | Entered Level 13 of a ziggurat
 69773 | Zig:13   | Identified the amulet "Maggorea" {Reflect Harm rElec Will-
                  | Str+7 SH+5}
 69834 | Tar:1    | Entered Level 1 of Tartarus
 69940 | Tar:1    | Noticed an ancient lich
 69943 | Tar:1    | Killed an ancient lich
 70262 | Tar:2    | Reached skill level 25 in Fighting
 70778 | Tar:4    | You are sucked into a shaft and drop 2 floors!
 70822 | Tar:6    | Reached skill level 27 in Shields
 70883 | Tar:6    | Reached skill level 19 in Short Blades
 70994 | Tar:7    | Entered Level 7 of Tartarus
 71562 | Tar:7    | Reached skill level 10 in Throwing
 71684 | Tar:7    | Noticed an ancient lich
 71690 | Tar:7    | Killed an ancient lich
 71726 | Tar:7    | Reached skill level 20 in Short Blades
 71772 | Tar:7    | Noticed Ereshkigal
 71781 | Tar:7    | Reached skill level 11 in Throwing
 71781 | Tar:7    | Killed Ereshkigal
 71800 | Tar:7    | Found the +8 lance "Wyrmbane" {slay drac, rPois rF+ rC+
                  | AC+3}
 71806 | Tar:7    | Found the +10 dark maul {heavy}
 71809 | Tar:7    | Got a bone rune of Zot
 71813 | Tar:7    | Identified the ring of Vadarchu {rF+ rCorr EV+5 Str+4
                  | Int-4}
 72190 | Tar:7    | Reached skill level 26 in Fighting
 72538 | Tar:7    | Reached skill level 12 in Throwing
 72551 | Tar:7    | Identified the +6 short sword of Abuse {elec, rElec Int+2}
 72552 | Tar:7    | Identified the +2 falchion "Juagh" {flame, MP+9 Int+3}
 72555 | Tar:7    | Identified the +2 robe "Lubloch" {Dex+3}
 72769 | Dis:1    | Entered Level 1 of the Iron City of Dis
 72912 | Dis:2    | Reached skill level 1 in Armour
 72917 | Dis:2    | Noticed a caustic shrike
 72917 | Dis:2    | Noticed a caustic shrike
 72917 | Dis:2    | Noticed a caustic shrike
 72917 | Dis:2    | Noticed a caustic shrike
 72919 | Dis:2    | Killed a caustic shrike
 72919 | Dis:2    | Killed a caustic shrike
 72921 | Dis:2    | Killed a caustic shrike
 72922 | Dis:2    | Killed a caustic shrike
 72940 | Dis:2    | Noticed a caustic shrike
 72940 | Dis:2    | Noticed a caustic shrike
 72940 | Dis:2    | Noticed a caustic shrike
 72940 | Dis:2    | Noticed a caustic shrike
 72945 | Dis:2    | Killed a caustic shrike
 72946 | Dis:2    | Killed a caustic shrike
 72947 | Dis:2    | Killed a caustic shrike
 72947 | Dis:2    | Noticed a caustic shrike
 72948 | Dis:2    | Reached skill level 2 in Armour
 72955 | Dis:2    | Killed a caustic shrike
 72962 | Dis:2    | Killed a caustic shrike
 72966 | Dis:2    | Noticed a caustic shrike
 72976 | Dis:2    | Noticed a caustic shrike
 72976 | Dis:2    | Noticed a caustic shrike
 72977 | Dis:2    | Noticed a caustic shrike
 72977 | Dis:2    | Noticed a caustic shrike
 72981 | Dis:2    | Killed a caustic shrike
 72982 | Dis:2    | Reached skill level 21 in Short Blades
 72982 | Dis:2    | Killed a caustic shrike
 72983 | Dis:2    | Killed a caustic shrike
 72985 | Dis:2    | Killed a caustic shrike
 72986 | Dis:2    | Killed a caustic shrike
 72987 | Dis:2    | Reached skill level 13 in Throwing
 73099 | Dis:3    | Reached skill level 3 in Armour
 73099 | Dis:3    | You are sucked into a shaft and drop 1 floor!
 73667 | Dis:6    | Noticed a caustic shrike
 73668 | Dis:6    | Noticed a caustic shrike
 73673 | Dis:6    | Killed a caustic shrike
 73674 | Dis:6    | Killed a caustic shrike
 73675 | Dis:6    | Reached skill level 4 in Armour
 73789 | Dis:6    | Reached skill level 14 in Throwing
 74022 | Dis:7    | Entered Level 7 of the Iron City of Dis
 74346 | Dis:7    | Reached skill level 5 in Armour
 74457 | Dis:7    | Noticed a caustic shrike
 74464 | Dis:7    | Killed a caustic shrike
 74532 | Dis:7    | Reached skill level 15 in Throwing
 74798 | Dis:7    | Noticed a caustic shrike
 74799 | Dis:7    | Noticed a caustic shrike
 74799 | Dis:7    | Noticed a caustic shrike
 74800 | Dis:7    | Noticed a caustic shrike
 74800 | Dis:7    | Noticed a caustic shrike
 74802 | Dis:7    | Killed a caustic shrike
 74804 | Dis:7    | Killed a caustic shrike
 74805 | Dis:7    | Killed a caustic shrike
 74808 | Dis:7    | Killed a caustic shrike
 74809 | Dis:7    | Reached skill level 22 in Short Blades
 74809 | Dis:7    | Reached skill level 16 in Throwing
 74810 | Dis:7    | Killed a caustic shrike
 74811 | Dis:7    | Reached skill level 6 in Armour
 75051 | Dis:7    | Noticed Dispater
 75083 | Dis:7    | Killed Dispater
 75118 | Dis:7    | Identified the ring of the Scavenger {rC+ Stlth+}
 75120 | Dis:7    | Got an iron rune of Zot
 75126 | Dis:7    | Noticed a juggernaut
 75134 | Dis:7    | Killed a juggernaut
 75233 | Dis:7    | Reached skill level 17 in Throwing
 75526 | Dis:7    | Noticed a caustic shrike
 75534 | Dis:7    | Killed a caustic shrike
 75681 | Dis:7    | Noticed a juggernaut
 75687 | Dis:7    | Killed a juggernaut
 75704 | Dis:7    | Identified the ring "Yceojyis" {Fire rPois rN+ Will-}
 75719 | Dis:7    | Identified the orb of the Salmon {guile, rPois MP+9 Int-5
                  | Slay+2 Stlth+}
 75782 | Dis:7    | Noticed a caustic shrike
 75786 | Dis:7    | Killed a caustic shrike
 75787 | Dis:7    | Reached skill level 7 in Armour
 76252 | Crypt:1  | Entered Level 1 of the Crypt
 76334 | Crypt:1  | Noticed a curse skull
 76337 | Crypt:1  | Killed a curse skull
 76389 | Crypt:1  | Reached skill level 18 in Throwing
 76471 | Crypt:1  | Noticed a curse skull
 76476 | Crypt:1  | Killed a curse skull
 76782 | Crypt:1  | Noticed Zenata
 76787 | Crypt:1  | Killed Zenata
 77003 | Crypt:2  | Noticed a curse skull
 77010 | Crypt:2  | Killed a curse skull
 77011 | Crypt:2  | Reached skill level 27 in Fighting
 77356 | Crypt:2  | Reached skill level 8 in Armour
 77829 | Crypt:3  | Entered Level 3 of the Crypt
 77985 | Crypt:3  | Noticed Xtahua
 77994 | Crypt:3  | Killed Xtahua
 77999 | Crypt:3  | Reached skill level 23 in Short Blades
 78029 | Crypt:3  | Identified a +1 robe of resistance
 78029 | Crypt:3  | Noticed Boris
 78036 | Crypt:3  | Killed Boris
 78139 | Crypt:3  | Identified the +0 robe of the Armoured One {-Tele rCorr
                  | Int+3}
 78354 | Crypt:3  | Found a basalt altar of Yredelemnul.
 78354 | Crypt:3  | Noticed an ancient lich
 78360 | Crypt:3  | Killed an ancient lich
 78361 | Crypt:3  | Reached skill level 9 in Armour
 78394 | Crypt:3  | Found a staircase to the Tomb.
 79240 | Tomb:1   | Entered Level 1 of the Tomb of the Ancients
 79777 | Tomb:1   | Noticed a royal mummy
 79779 | Tomb:1   | Noticed a royal mummy
 79787 | Tomb:1   | Killed a royal mummy
 79795 | Tomb:1   | Killed a royal mummy
 79796 | Tomb:1   | Reached skill level 24 in Short Blades
 79807 | Tomb:1   | Reached skill level 10 in Armour
 80035 | Tomb:1   | Identified the staff "Nibop" {rElec rC++ Ice Air}
 80073 | Tomb:2   | Noticed a royal mummy
 80078 | Tomb:2   | Killed a royal mummy
 80083 | Tomb:2   | Noticed a royal mummy
 80088 | Tomb:2   | Noticed a royal mummy
 80092 | Tomb:2   | Killed a royal mummy
 80098 | Tomb:2   | Killed a royal mummy
 80343 | Tomb:3   | Entered Level 3 of the Tomb of the Ancients
 80361 | Tomb:3   | Identified the +5 battleaxe "Quplaif" {elec, rCorr Int+2}
 80420 | Tomb:3   | Noticed a royal mummy
 80433 | Tomb:3   | Killed a royal mummy
 80445 | Tomb:3   | Noticed a royal mummy
 80503 | Tomb:3   | Reached skill level 11 in Armour
 80520 | Tomb:3   | Noticed a royal mummy
 80536 | Tomb:3   | Killed a royal mummy
 80539 | Tomb:3   | Killed a royal mummy
 80623 | Tomb:3   | Identified the +3 robe of Tiaschosa {rF+ SInv}
 80660 | Tomb:3   | Reached skill level 25 in Short Blades
 80746 | Tomb:3   | Noticed a royal mummy
 80751 | Tomb:3   | Killed a royal mummy
 80804 | Tomb:3   | Noticed a royal mummy
 80811 | Tomb:3   | Killed a royal mummy
 80822 | Tomb:3   | Noticed a royal mummy
 80834 | Tomb:3   | Killed a royal mummy
 80843 | Tomb:3   | Noticed a royal mummy
 80852 | Tomb:3   | Noticed a royal mummy
 80857 | Tomb:3   | Killed a royal mummy
 80872 | Tomb:3   | Killed a royal mummy
 80874 | Tomb:3   | Noticed a royal mummy
 80879 | Tomb:3   | Killed a royal mummy
 80940 | Tomb:3   | Got a golden rune of Zot
 81047 | Tomb:3   | Identified the orb "Senum" {*Rage, +Blink rC+}
 81051 | Tomb:3   | Identified the staff "Gaeggoy" {rPois rF+ Will- Int+3 Fire}
 81064 | Tomb:3   | Identified the +10 broad axe "Lucw" {heavy, rF+ rN+ Str-5}
 81067 | Tomb:3   | Identified the ring "Niefaid" {Fly rF- rN+++ AC+4 Int+6}
 81097 | Tomb:3   | Identified the +12 halberd "Foel Bem" {drain, *Noise rF+
                  | Str-2 Dex+6}
 81228 | Tomb:2   | Reached skill level 12 in Armour
 81254 | Tomb:2   | Noticed a royal mummy
 81265 | Tomb:2   | Killed a royal mummy
 81492 | Tomb:1   | Noticed a royal mummy
 81494 | Tomb:1   | Noticed a royal mummy
 81496 | Tomb:1   | Noticed a royal mummy
 81498 | Tomb:1   | Killed a royal mummy
 81500 | Tomb:1   | Killed a royal mummy
 81500 | Tomb:1   | Noticed a royal mummy
 81501 | Tomb:1   | Reached skill level 26 in Short Blades
 81501 | Tomb:1   | Noticed a royal mummy
 81504 | Tomb:1   | Noticed a royal mummy
 81506 | Tomb:1   | Killed a royal mummy
 81509 | Tomb:1   | Killed a royal mummy
 81513 | Tomb:1   | Killed a royal mummy
 81513 | Tomb:1   | Noticed a royal mummy
 81521 | Tomb:1   | Killed a royal mummy
 81527 | Tomb:1   | Killed a royal mummy
 81581 | Tomb:1   | Noticed a royal mummy
 81585 | Tomb:1   | Killed a royal mummy
 81588 | Tomb:1   | Noticed a royal mummy
 81595 | Tomb:1   | Killed a royal mummy
 81600 | Tomb:1   | Noticed a royal mummy
 81609 | Tomb:1   | Killed a royal mummy
 81609 | Tomb:1   | Noticed a royal mummy
 81614 | Tomb:1   | Killed a royal mummy
 81619 | Tomb:1   | Noticed a royal mummy
 81623 | Tomb:1   | Killed a royal mummy
 81632 | Tomb:1   | Noticed a royal mummy
 81634 | Tomb:1   | Killed a royal mummy
 81653 | Tomb:1   | Noticed a royal mummy
 81662 | Tomb:1   | Noticed a royal mummy
 81664 | Tomb:1   | Noticed a royal mummy
 81668 | Tomb:1   | Killed a royal mummy
 81674 | Tomb:1   | Killed a royal mummy
 81678 | Tomb:1   | Killed a royal mummy
 81696 | Tomb:1   | Noticed a royal mummy
 81701 | Tomb:1   | Killed a royal mummy
 81702 | Tomb:1   | Reached skill level 13 in Armour
 81704 | Tomb:1   | Noticed a royal mummy
 81710 | Tomb:1   | Killed a royal mummy
 82375 | Zot:5    | Got the Orb of Zot
 82586 | Depths:4 | Noticed a seraph
 82596 | Depths:4 | Killed a seraph
 82677 | D:14     | Noticed Boris
 82684 | D:14     | Killed Boris
 83021 | D:1      | Lost mutation: Your magical capacity is low. (-10% MP)
                  | [potion of mutation]
 83021 | D:1      | Lost mutation: Your system is resistant to poisons. (rPois)
                  | [potion of mutation]
 83021 | D:1      | Lost mutation: You are partially covered in iridescent
                  | scales. (AC +2) [potion of mutation]
 83021 | D:1      | Gained mutation: Your spells are easier to cast, but less
                  | powerful. [potion of mutation]
 83021 | D:1      | Lost mutation: You occasionally shout uncontrollably at
                  | your foes. [potion of mutation]
 83021 | D:1      | Gained mutation: You are partially covered in iridescent
                  | scales. (AC +2) [potion of mutation]
 83022 | D:1      | Lost mutation: You have supernaturally acute eyesight.
                  | (SInv) [potion of mutation]
 83022 | D:1      | Lost mutation: Your spells are easier to cast, but less
                  | powerful. [potion of mutation]
 83022 | D:1      | Lost mutation: You are partially covered in iridescent
                  | scales. (AC +2) [potion of mutation]
 83022 | D:1      | Gained mutation: You occasionally lose the ability to read
                  | scrolls when taking damage. [potion of mutation]
 83022 | D:1      | Gained mutation: You have supernaturally acute eyesight.
                  | (SInv) [potion of mutation]
 83022 | D:1      | Gained mutation: You passively map a small area around you.
                  | [potion of mutation]
 83023 | D:1      | Lost mutation: You occasionally lose the ability to read
                  | scrolls when taking damage. [potion of mutation]
 83023 | D:1      | Lost mutation: Your spells are a little easier to cast, but
                  | a little less powerful. [potion of mutation]
 83023 | D:1      | Gained mutation: You occasionally lose the ability to read
                  | scrolls when taking damage. [potion of mutation]
 83023 | D:1      | Gained mutation: You are partially covered in large bone
                  | plates. (SH +4) [potion of mutation]
 83024 | D:1      | Lost mutation: You passively map a small area around you.
                  | [potion of mutation]
 83024 | D:1      | Lost mutation: You occasionally lose the ability to read
                  | scrolls when taking damage. [potion of mutation]
 83024 | D:1      | Lost mutation: You are partially covered in large bone
                  | plates. (SH +4) [potion of mutation]
 83024 | D:1      | Gained mutation: You have large cloven feet. [potion of
                  | mutation]
 83024 | D:1      | Gained mutation: You are robust. (+10% HP) [potion of
                  | mutation]
 83038 | D:$      | Escaped with the Orb!

Vanquished Creatures
  Cerebov (Pan)
  Antaeus (Coc:7)
  Asmodeus (Geh:7)
  the Royal Jelly (Slime:5)
  Ereshkigal (Tar:7)
  Ignacio (Pan)
  Gloorx Vloq (Pan)
  A seraph (Depths:4)
  the Serpent of Hell (Coc:7)
  Mnoleg (Pan)
  Lom Lobon (Pan)
  Dispater (Dis:7)
  6 dread liches
  4 ancient liches
  4 orbs of fire
  Mara (Snake:3)
  2 juggernauts (Dis:7)
  Boris (twice) (Crypt:3 D:14)
  33 royal mummies
  26 shard shrikes
  Margery (Depths:4)
  Frederick (Vaults:3)
  Saint Roka (Depths:4)
  10 Killer Klowns
  Bai Suzhen (Vaults:5)
  A curse toe (Zot:4)
  24 caustic shrikes
  Xtahua (Crypt:3)
  Vashnia (Snake:2)
  4 pandemonium lords
  5 golden dragons
  Geryon (Hell)
  Jory (Depths:4)
  Norris (Elf:3)
  22 profane servitors
  The ghost of steven32 the Eclecticist, an adept DrSu of Sif Muna (Vaults:2)
  20 bone dragons
  18 iron giants
  2 electric golems (Zot:5)
  20 Tzitzimimeh
  18 Brimstone Fiends
  12 doom hounds
  8 liches
  Jorgrun (Orc:1)
  Zenata (Crypt:1)
  Rupert (D:13)
  13 hellephants
  A spectral shard shrike (Tar:2)
  13 tentacled monstrosities
  32 Hell Sentinels
  23 Ice Fiends
  25 tainted leviathans
  The ghost of Omepubb the Hoplite, an adept BaFi of Dithmenos (Swamp:2)
  23 searing wretches
  Asterion (Snake:1)
  10 titans
  23 acid blobs
  Grunn (Depths:4)
  7 quicksilver dragons
  14 sphinxes
  25 Orb Guardians (Zot:5)
  12 deep elf blademasters
  13 deep elf master archers
  19 Executioners
  8 death cobs
  3 tentacled starspawn
  27 ancient champions
  2 eldritch tentacles
  Aizul (Snake:1)
  4 thorn hunters
  10 shadow dragons
  14 rockslimes
  Gastronok (D:11)
  11 draconian monks
  16 storm dragons
  Donald (Orc:2)
  12 draconian knights
  18 narguns
  23 azure jellies
  27 fire giants
  A fenstrider witch (shapeshifter) (Elf:1)
  11 nagarajas
  8 tengu reavers
  3 demonspawn warmongers (Pan)
  4 revenants
  9 deep elf sorcerers
  An imperial myrmidon (Desolation)
  14 frost giants
  41 balrugs
  2 ghost moths
  4 iron dragons
  17 vault wardens
  10 quicksilver elementals
  A spectral juggernaut (Tar:3)
  8 draconian scorchers
  9 shard shrike simulacra
  An angel (Depths:4)
  7 draconian shifters
  4 deep elf elementalists
  5 orc warlords
  A spectral caustic shrike (Tar:3)
  9 ghouls
  21 ironbound preservers
  14 draconian annihilators
  5 curse skulls
  A broodmother (Zig:4)
  3 demonspawn corrupters (Pan)
  The ghost of gorushi the Metamorph, an adept FeBe of Trog (Swamp:4)
  11 draconian stormcallers
  The ghost of Ricygex the Brawler, a journeyman TrFi of Wu Jian (Lair:5)
  23 cacodemons
  23 stone giants
  31 war gargoyles
  8 reapers
  15 quicksilver oozes
  23 very ugly things
  6 demonspawn blood saints
  8 vampire knights
  6 formless jellyfish
  6 ironbound thunderhulks
  4 demonspawn black suns
  15 black draconians
  6 lorocyprocas (Pan)
  16 green draconians
  22 elemental wellsprings
  7 deep elf demonologists
  6 eleionomae
  16 yellow draconians
  3 bunyips
  28 wendigos
  32 putrid mouths
  Nessos (D:14)
  9 white draconians
  3 halazid warlocks (Desolation)
  A spectral titan (Tar:1)
  The ghost of tenshi1004 the Spry, a journeyman FeBe of Trog (Snake:1)
  5 minotaurs
  6 bennus
  10 spark wasps
  10 deep elf annihilators
  Azrael (Elf:1)
  10 red draconians
  15 purple draconians
  26 dire elephants
  3 spectral quicksilver dragons
  4 deep elf death magi
  Snorg (D:14)
  8 eidola
  5 crystal guardians
  18 blizzard demons
  14 ettins
  22 mummy priests
  7 green deaths (Pan)
  4 merfolk javelineers
  7 fire dragons
  18 iron golems
  A merfolk impaler (Vaults:1)
  3 entropy weavers
  Josephine (D:14)
  3 deep elf high priests
  A jiangshi (Crypt:1)
  A spectral kraken (Tar:7)
  15 great orbs of eyes
  2 fenstrider witch zombies (Crypt:3)
  2 spectral spriggans (Tar:3)
  7 servants of whispers (Desolation)
  8 ragged hierophants (Desolation)
  3 spriggan zombies
  A spectral fenstrider witch (Tar:1)
  11 peacekeepers
  17 yaktaur captains
  A quicksilver dragon skeleton (Crypt:2)
  14 salamander tyrants
  21 hydras
  15 caustic shrike simulacra
  35 vault guards
  2 catoblepae
  A hell beast (Pan)
  4 spriggan air magi
  9 ironbound frosthearts
  5 alligators
  2 death knights
  6 ice dragons
  A ghost crab (Swamp:3)
  9 rakshasas
  8 juggernaut simulacra
  6 ogre magi
  Erica (D:9)
  9 two-headed ogres
  13 anacondas
  22 centaur warriors
  21 death yaks
  2 deep troll shamans
  15 demonic crawlers
  6 stokers
  3 spriggan skeletons
  8 boulder beetles
  99 death scarabs
  The ghost of ShioPomu the Severer, a novice MiFi of Ru (D:8)
  23 naga warriors
  3 vampire magi
  An orc high priest (Orc:2)
  6 holy swine (Pan)
  74 hell hogs
  A quicksilver ooze zombie (Crypt:2)
  5 spriggan berserkers
  39 dancing weapons
  9 shock serpents
  3 tengu warriors
  Sonja (Lair:1)
  15 hell knights
  2 thrashing horrors (Zig:13)
  27 naga sharpshooters
  3 deep troll earth magi
  3 spectral dire elephants
  36 soul eaters
  52 sun demons
  A titan skeleton (Crypt:3)
  Amaemon (Lair:1)
  15 crystal echidnas
  22 deep elf knights
  2 storm dragon zombies
  6 iron trolls
  7 salamander mystics
  8 shadow wraiths
  4 wretched stars
  2 spectral bunyips (Tar:1)
  A goliath frog (Swamp:1)
  A fire crab (shapeshifter) (Zig:6)
  39 skeletal warriors
  5 skysharks
  31 sixfirhies
  A sea snake (Snake:3)
  A spatial maelstrom (Abyss:2)
  A bunyip zombie (Crypt:2)
  A spectral iron dragon (Tar:3)
  A spectral anaconda (Tar:3)
  4 spriggan druids
  4 flayed ghosts
  A golden dragon zombie (D:15)
  67 deep trolls
  3 quicksilver dragon simulacra
  A sun moth (Zig:4)
  An anaconda zombie (Crypt:1)
  A storm dragon skeleton (Crypt:3)
  16 swamp dragons
  19 phantasmal warriors
  23 shadow demons
  8 naga ritualists
  9 glowing orange brains
  An obsidian statue (Snake:1)
  6 bog bodies
  3 orange crystal statues
  5 spriggan simulacra
  15 lindwurms
  4 kraken simulacra (Coc:7)
  A spectral hydra (Tar:3)
  8 harpies
  23 ironbound convokers
  13 wizards
  8 orc knights
  20 deep elf archers
  2 tengu zombies
  42 deep elf zephyrmancers
  9 mana vipers
  An oklob plant (Lair:4)
  Pikel (D:7)
  A stone giant zombie (Vaults:4)
  5 orc sorcerers
  14 shining eyes
  14 necromancers
  6 cyclopes
  24 deep elf pyromancers
  A frost giant zombie (Crypt:2)
  An iron dragon zombie (Crypt:2)
  A wolf spider zombie (Crypt:2)
  8 will-o-the-wisps
  A faun (Zig:11)
  32 salamanders
  3 worldbinders
  A shadow dragon skeleton (D:15)
  A jorogumo skeleton (Crypt:2)
  2 manticores
  2 shining eyes (shapeshifter) (Depths:4)
  2 centaur zombies
  2 iron dragon skeletons
  25 moths of wrath
  27 ugly things
  2 spectral alligator snapping turtles
  2 dire elephant zombies
  15 elephants
  32 vault sentinels
  16 guardian serpents
  10 eyes of devastation
  5 ice statues
  23 orange demons
  40 black mambas
  2 rust devils
  29 smoke demons
  13 apocalypse crabs
  6 torpor snails
  21 naga magi
  10 molten gargoyles
  3 titan simulacra
  A dire elephant skeleton (Pan)
  4 gargoyles
  A human skeleton (Vaults:4)
  12 cane toads
  5 rime drakes
  2 naga skeletons
  26 hellions
  An orc skeleton (Pan)
  14 spectral swamp worms (Tar:7)
  14 tormentors
  8 komodo dragons
  2 ice devils
  4 unseen horrors
  45 yaktaurs
  An unseen horror (shapeshifter) (Vaults:5)
  4 efreet
  2 kobold demonologists
  3 spectral nagas
  8 anaconda simulacra
  46 guardian mummies
  2 tengu conjurers
  3 golden dragon simulacra
  4 iron giant simulacra
  13 freezing wraiths
  5 spectral harpies
  A harpy zombie (Crypt:3)
  6 meliai
  6 trolls
  Prince Ribbit (D:5)
  4 ancient zymes
  6 red devils (Pan)
  6 merfolk
  4 polar bears
  A queen bee (Lair:4)
  25 hellwings
  4 silent spectres
  17 blink frogs
  7 tyrant leeches
  18 hornets
  2 hydra skeletons
  A fire dragon zombie (Crypt:3)
  3 harpy skeletons
  A snapping turtle (shapeshifter) (Vaults:5)
  47 saltlings
  8 dream sheep
  An iron dragon simulacrum (Coc:6)
  3 jumping spiders (Vaults:2)
  2 slime creatures (shapeshifter)
  7 shadows
  3 stone giant simulacra
  154 slime creatures
  46 flying skulls
  A deep troll skeleton (Vaults:2)
  An elf skeleton (Vaults:4)
  A spriggan (shapeshifter) (Elf:2)
  2 vampires
  21 ynoxinuls
  8 dire elephant simulacra
  2 water elementals
  Sigmund (D:5)
  3 air elementals
  14 wraiths
  A wyvern (shapeshifter) (D:13)
  2 alligator snapping turtle simulacra
  An ice dragon skeleton (Pan)
  6 ushabtiu
  3 wyverns
  52 yaks
  8 basilisks
  4 fire elementals
  12 golden eyes
  13 spriggans
  4 steam dragons
  A yaktaur simulacrum (Vaults:2)
  27 neqoxecs
  2 redbacks
  11 vampire mosquitoes
  11 chaos spawn
  Menkaure (D:5)
  4 spatial vortices
  A two-headed ogre zombie (Crypt:2)
  18 harpy simulacra
  6 wargs
  A naga (shapeshifter) (D:14)
  14 swamp worms
  A glowing shapeshifter zombie (D:15)
  A naga zombie (Crypt:3)
  36 large abominations
  50 nagas
  2 acid dragons
  15 water moccasins
  3 hydra simulacra
  3 floating eyes
  13 hell hounds
  29 orc warriors
  9 swamp drakes
  5 sky beasts
  A black bear (D:6)
  14 ogres
  20 wolves
  7 boggarts
  6 ettin simulacra
  An elephant zombie (Crypt:1)
  11 centaurs
  4 starcursed masses (Zig:13)
  A dream sheep skeleton (Crypt:1)
  2 human zombies
  A phantom (D:6)
  2 kobold brigands
  7 bullfrogs
  6 necrophages
  A scorpion (D:6)
  3 gnoll sergeants
  4 naga simulacra
  5 wights
  24 killer bees
  A water moccasin skeleton (Crypt:1)
  4 electric eels
  8 howler monkeys
  A shapeshifter skeleton (Crypt:1)
  9 crimson imps
  A lava snake (Snake:2)
  A quasit (Abyss:2)
  A small abomination (Abyss:2)
  3 jellies
  2 hounds (D:7)
  11 orc priests
  2 gnoll boudas
  3 iguanas
  A boggart zombie (Crypt:1)
  12 hell rats
  13 orc wizards
  49 mummies
  An acid dragon skeleton (Crypt:1)
  11 gnolls
  5 adders
  6 white imps
  An ufetubus (D:7)
  2 worms
  2 dart slugs (D:1)
  44 orcs
  5 endoplasms
  3 giant cockroaches
  10 goblins
  6 hobgoblins
  4 jackals (D:4)
  11 kobolds
  2 quokkas (D:2)
  8 ball pythons
  12 bats
  3 frilled lizards
  A frilled lizard skeleton (Crypt:1)
  A quokka skeleton (Crypt:2)
  4 rats
  2 river rat skeletons
  A butterfly (Lair:5)
  6 creeping infernos
  9 fire vortices
  3 starspawn tentacles
4473 creatures vanquished.

Vanquished Creatures (others)
  A shard shrike simulacrum (Coc:5)
  2 caustic shrike simulacra
  3 juggernaut simulacra
  2 quicksilver dragon simulacra (Coc:7)
  An iron giant simulacrum (Coc:7)
  An anaconda simulacrum (Coc:7)
  6 bloated husks
  An iron dragon simulacrum (Coc:7)
  A dire elephant simulacrum (Coc:7)
  2 harpy simulacra (Coc:7)
  An orc priest (Orc:2)
  3 creeping infernos
  10 foxfires
  A lurking horror (Abyss:2)
  7 starspawn tentacles
42 creatures vanquished.

Grand Total: 4515 creatures vanquished

Table legend: (Time is in decaauts)
 A = Elapsed time spent in this place.
 B = Non-inter-level travel time spent in this place.
 C = Inter-level travel time spent in this place.
 D = Time resting spent in this place.
 E = Time spent auto-exploring this place.
 F = Levels seen in this place.
 G = Mean time per level.
                   A        B        C        D        E       F      G
               +--------+--------+--------+--------+--------+-----+--------+
         Total |  79954 |  71282 |   8672 |   1313 |  48664 | 123 |  650.0 |
       Dungeon |  14988 |  11753 |   3235 |     52 |   9025 |  15 |  999.2 |
        Temple |     82 |     37 |     45 |      0 |      0 |   1 |   82.0 |
          Lair |   6316 |   5892 |    424 |     59 |   4114 |   5 | 1263.2 |
         Swamp |   2816 |   2657 |    159 |     68 |   1944 |   4 |  704.0 |
     Snake Pit |   5098 |   4881 |    217 |    192 |   3301 |   4 | 1274.5 |
    Slime Pits |   3707 |   3523 |    184 |    294 |   1762 |   5 |  741.4 |
  Orcish Mines |   1561 |   1344 |    217 |      0 |    946 |   2 |  780.5 |
   Elven Halls |   2715 |   2598 |    117 |      0 |   1917 |   3 |  905.0 |
        Vaults |   8000 |   6928 |   1072 |    347 |   4512 |   5 | 1600.0 |
         Crypt |   2810 |   2446 |    364 |      0 |   1927 |   3 |  936.7 |
          Tomb |   2590 |   2395 |    195 |      0 |   1359 |   3 |  863.3 |
        Depths |   3872 |   3286 |    586 |     23 |   2245 |   4 |  968.0 |
          Hell |    661 |    496 |    165 |      0 |    332 |   1 |  661.0 |
           Dis |   2955 |   2859 |     96 |      0 |   2025 |   7 |  422.1 |
       Gehenna |   2993 |   2804 |    189 |      0 |   2141 |   7 |  427.6 |
       Cocytus |   2395 |   2296 |     99 |    137 |   1281 |   7 |  342.1 |
      Tartarus |   2662 |   2532 |    130 |      0 |   1801 |   6 |  443.7 |
           Zot |   5623 |   4451 |   1172 |    132 |   3217 |   5 | 1124.6 |
         Abyss |    330 |    330 |      0 |      0 |     88 |   3 |  110.0 |
   Pandemonium |   6101 |   6101 |      0 |      9 |   3998 |  18 |  338.9 |
      Ziggurat |    955 |    955 |      0 |      0 |    381 |  13 |   73.5 |
         Trove |     57 |     57 |      0 |      0 |      5 |   1 |   57.0 |
    Desolation |    657 |    657 |      0 |      0 |    341 |   1 |  657.0 |
               +--------+--------+--------+--------+--------+-----+--------+

Top non-repeatable levels by time:
   Dis:7: 1892 daAuts
Vaults:2: 1737 daAuts
Vaults:3: 1637 daAuts
  Lair:5: 1636 daAuts
   Tar:7: 1617 daAuts
Vaults:4: 1604 daAuts
Vaults:5: 1520 daAuts
Vaults:1: 1500 daAuts
     D:6: 1491 daAuts
    D:14: 1415 daAuts
 Snake:2: 1390 daAuts
 Snake:1: 1388 daAuts
 Snake:4: 1373 daAuts
  Lair:4: 1354 daAuts
Depths:2: 1350 daAuts

Table legend:
 A = Non-vault XP
 B = Vault XP
 C = Vault XP percentage of total XP
 D = Non-vault monster count
 E = Vault monster count
 F = Vault count percentage of total count
                 A         B        C        D         E       F
            +---------+---------+-------+---------+---------+-------
      Total | 1819008 | 1675592 |  47.9 |    2559 |    1764 |  40.8
            +---------+---------+-------+---------+---------+-------
        D:1 |      29 |       0 |   0.0 |      14 |       0 |   0.0
        D:2 |      53 |       6 |  10.2 |      17 |       4 |  19.0
        D:3 |      25 |       0 |   0.0 |      14 |       0 |   0.0
        D:4 |     458 |       4 |   0.9 |      25 |       2 |   7.4
        D:5 |     230 |     705 |  75.4 |      12 |       5 |  29.4
        D:6 |     711 |     406 |  36.3 |      11 |       5 |  31.2
        D:7 |     807 |     600 |  42.6 |      15 |       7 |  31.8
        D:8 |     299 |    1249 |  80.7 |       9 |       3 |  25.0
        D:9 |    2598 |    1535 |  37.1 |      21 |       5 |  19.2
       D:10 |    4120 |       0 |   0.0 |      20 |       0 |   0.0
       D:11 |    1703 |    6066 |  78.1 |       8 |      13 |  61.9
       D:12 |    6294 |     990 |  13.6 |      22 |       6 |  21.4
       D:13 |    6437 |    4910 |  43.3 |      21 |       7 |  25.0
       D:14 |   12522 |    7048 |  36.0 |      33 |      12 |  26.7
       D:15 |   13378 |    4527 |  25.3 |      30 |       8 |  21.1
     Lair:1 |    5361 |    2013 |  27.3 |      13 |       3 |  18.8
     Lair:2 |   10224 |     489 |   4.6 |      26 |       3 |  10.3
     Lair:3 |   14365 |     116 |   0.8 |      44 |       1 |   2.2
     Lair:4 |   10611 |    5075 |  32.4 |      39 |      32 |  45.1
     Lair:5 |    9597 |   21227 |  68.9 |      32 |      47 |  59.5
    Swamp:1 |    8618 |       0 |   0.0 |      16 |       0 |   0.0
    Swamp:2 |   17167 |    1759 |   9.3 |      30 |       1 |   3.2
    Swamp:3 |   10239 |       0 |   0.0 |      22 |       0 |   0.0
    Swamp:4 |   12917 |   21662 |  62.6 |      23 |      33 |  58.9
    Snake:1 |   19573 |    7947 |  28.9 |      41 |      10 |  19.6
    Snake:2 |   17152 |   14988 |  46.6 |      32 |      22 |  40.7
    Snake:3 |   21920 |    9803 |  30.9 |      48 |       8 |  14.3
    Snake:4 |   32826 |   26050 |  44.2 |      61 |      33 |  35.1
    Slime:1 |   17512 |    5437 |  23.7 |      34 |      12 |  26.1
    Slime:2 |    9177 |    1887 |  17.1 |      17 |       3 |  15.0
    Slime:3 |   18297 |       0 |   0.0 |      20 |       0 |   0.0
    Slime:4 |   15518 |    4450 |  22.3 |      41 |      10 |  19.6
    Slime:5 |   11361 |   18029 |  61.3 |      25 |      12 |  32.4
      Orc:1 |    3195 |    1868 |  36.9 |      23 |       1 |   4.2
      Orc:2 |    1938 |    8895 |  82.1 |      14 |      35 |  71.4
      Elf:1 |   29773 |   13448 |  31.1 |      42 |      23 |  35.4
      Elf:2 |   15148 |   24212 |  61.5 |      26 |      32 |  55.2
      Elf:3 |   10745 |   32073 |  74.9 |      18 |      27 |  60.0
   Vaults:1 |   30165 |   38112 |  55.8 |      47 |      54 |  53.5
   Vaults:2 |   33746 |   43090 |  56.1 |      51 |      61 |  54.5
   Vaults:3 |   48109 |   10611 |  18.1 |      64 |      12 |  15.8
   Vaults:4 |   19444 |   46709 |  70.6 |      26 |      66 |  71.7
   Vaults:5 |   40692 |   58651 |  59.0 |      57 |      53 |  48.2
    Crypt:1 |   23006 |    4685 |  16.9 |      34 |       5 |  12.8
    Crypt:2 |   26423 |    8758 |  24.9 |      37 |      13 |  26.0
    Crypt:3 |       0 |   63396 | 100.0 |       0 |      94 | 100.0
     Tomb:1 |   13778 |   97136 |  87.6 |      35 |      54 |  60.7
     Tomb:2 |    5561 |   54466 |  90.7 |      20 |      78 |  79.6
     Tomb:3 |    3174 |   93010 |  96.7 |       5 |     102 |  95.3
   Depths:1 |   13481 |    2211 |  14.1 |      15 |       4 |  21.1
   Depths:2 |   30251 |   27015 |  47.2 |      34 |      27 |  44.3
   Depths:3 |   18798 |   11812 |  38.6 |      19 |      19 |  50.0
   Depths:4 |   30897 |   41473 |  57.3 |      38 |      44 |  53.7
       Hell |   15674 |   24401 |  60.9 |      24 |      20 |  45.5
      Dis:1 |    8127 |       0 |   0.0 |       7 |       0 |   0.0
      Dis:2 |   43530 |       0 |   0.0 |      19 |       0 |   0.0
      Dis:3 |    4686 |       0 |   0.0 |       3 |       0 |   0.0
      Dis:4 |   11467 |       0 |   0.0 |      10 |       0 |   0.0
      Dis:5 |    9676 |       0 |   0.0 |       7 |       0 |   0.0
      Dis:6 |   18767 |   27505 |  59.4 |      17 |      21 |  55.3
      Dis:7 |   18801 |  125296 |  87.0 |      10 |      76 |  88.4
      Geh:1 |   32442 |       0 |   0.0 |      32 |       0 |   0.0
      Geh:2 |   26760 |       0 |   0.0 |      26 |       0 |   0.0
      Geh:3 |   18203 |    1727 |   8.7 |      16 |       1 |   5.9
      Geh:4 |   15462 |       0 |   0.0 |      11 |       0 |   0.0
      Geh:5 |   18962 |       0 |   0.0 |      11 |       0 |   0.0
      Geh:6 |    8241 |       0 |   0.0 |       6 |       0 |   0.0
      Geh:7 |   13614 |   48984 |  78.3 |       9 |      42 |  82.4
      Coc:1 |    8328 |    6384 |  43.4 |      14 |       4 |  22.2
      Coc:2 |    4580 |       0 |   0.0 |      12 |       0 |   0.0
      Coc:3 |   15423 |       0 |   0.0 |      28 |       0 |   0.0
      Coc:4 |   16771 |       0 |   0.0 |      18 |       0 |   0.0
      Coc:5 |   27670 |       0 |   0.0 |      23 |       0 |   0.0
      Coc:6 |   30884 |       0 |   0.0 |      23 |       0 |   0.0
      Coc:7 |   43196 |  114398 |  72.6 |      34 |      80 |  70.2
      Tar:1 |   17846 |   12480 |  41.2 |      15 |       8 |  34.8
      Tar:2 |   27310 |       0 |   0.0 |      19 |       0 |   0.0
      Tar:3 |   24482 |   10439 |  29.9 |      23 |       9 |  28.1
      Tar:6 |   25804 |       0 |   0.0 |      15 |       0 |   0.0
      Tar:7 |   21956 |  117859 |  84.3 |      13 |      75 |  85.2
      Zot:1 |   39929 |    2219 |   5.3 |      30 |       2 |   6.2
      Zot:2 |   24056 |       0 |   0.0 |      20 |       0 |   0.0
      Zot:3 |   53746 |   23879 |  30.8 |      46 |      20 |  30.3
      Zot:4 |   43224 |       0 |   0.0 |      36 |       0 |   0.0
      Zot:5 |   49152 |   91540 |  65.1 |      40 |      39 |  49.4
    Abyss:1 |     520 |       0 |   0.0 |       1 |       0 |   0.0
    Abyss:2 |    9165 |     272 |   2.9 |      17 |       8 |  32.0
    Abyss:3 |    3987 |   16062 |  80.1 |       5 |      17 |  77.3
        Pan |  235586 |  159223 |  40.3 |     343 |     147 |  30.0
      Zig:1 |    1038 |       0 |   0.0 |       1 |       0 |   0.0
      Zig:2 |    2488 |       0 |   0.0 |       3 |       0 |   0.0
      Zig:3 |    3410 |       0 |   0.0 |       2 |       0 |   0.0
      Zig:4 |    4473 |       0 |   0.0 |       5 |       0 |   0.0
      Zig:5 |    3758 |       0 |   0.0 |      10 |       0 |   0.0
      Zig:6 |    8594 |       0 |   0.0 |       7 |       0 |   0.0
      Zig:7 |    9616 |       0 |   0.0 |       9 |       0 |   0.0
      Zig:8 |    8882 |       0 |   0.0 |       9 |       0 |   0.0
      Zig:9 |   12060 |       0 |   0.0 |      11 |       0 |   0.0
     Zig:10 |   14047 |       0 |   0.0 |      11 |       0 |   0.0
     Zig:11 |   15669 |       0 |   0.0 |      19 |       0 |   0.0
     Zig:12 |   17885 |    1938 |   9.8 |      18 |       4 |  18.2
     Zig:13 |   18638 |       0 |   0.0 |      30 |       0 |   0.0
 Desolation |       0 |   40377 | 100.0 |       0 |      80 | 100.0
            +---------+---------+-------+---------+---------+-------
